 Dungeon Crawl Stone Soup version 0.32-a0-350-g4f4d228 (webtiles) character file.

Game seed: 16641512676979760895

2808454 jagoly the Dwarven Aeon (level 27, 251/251 HPs)
             Began as a Mountain Dwarf Fire Elementalist on Feb 16, 2024.
             Was the Champion of Cheibriados.
             Escaped with the Orb
             ... and 5 runes
             ... and 1 gem (0 intact) on Feb 17, 2024!
             The game lasted 07:35:17 (92664 turns).

jagoly the Dwarven Aeon (MDFE)                     Turns: 92664, Time: 07:35:17

Health: 251/251    AC: 44    Str: 37    XL:     27
Magic:  46/51      EV: 17    Int: 59    God:    Cheibriados [******]
Gold:   2505       SH: 22    Dex: 32    Spells: 2/56 levels left

rFire   + . .        a - +9 mace "Lofups Baiv" {freeze, Fly Int+5}
rCold   + . .        G - +5 kite shield {reflect}
rNeg    . . .        S - +10 plate armour of Hedonism {rF+ Will+ rCorr}
rPois   +            x - +2 helmet "Zituruy" {Int+3 Dex+3}
rElec   .            E - +4 dragonskin cloak
rCorr   +            u - +0 pair of fencer's gloves {Riposte Dex+3}
SInv    +            R - +2 pair of boots "Jixerawn" {Str+5}
Will    ++++.        M - dreamshard necklace {Acrobat *Dream} Stlth
                     T - ring of Noeshid {rC+ Will+ MP+9 Dex-4}
HPRegen 0.61/turn    J - ring "Haafos" {^Contam rPois Str+3 Int+6 Dex+6}
MPRegen 0.32/turn

%: reflection, acrobat
@: flying, studying 4 skills, very slow
A: runic magic, artefact enchanting, iridescent scales 1, see invisible, clever
1, mutation resistance 1
0: Orb of Zot
}: 5/15 runes: barnacled, slimy, silver, abyssal, gossamer
a: Renounce Religion, Bend Time, Temporal Distortion, Slouch, Step From Time


You escaped.
You worshipped Cheibriados.
Cheibriados was exalted by your worship.
You visited 12 branches of the dungeon, and saw 56 of its levels.
You visited the Abyss 2 times.
You visited 1 ziggurat, and saw 12 of its levels.
You also visited: Gauntlet, Ice Cave, Volcano and Desolation.

You collected 10796 gold pieces.
You spent 8291 gold pieces at shops.

Inventory:

Hand Weapons
 a - the +9 mace "Lofups Baiv" (weapon) {freeze, Fly Int+5}
   (You found it in an ice cave)

   Int+5:     It affects your intelligence (+5).
   Fly:       It grants you flight.
 b - a +9 spectral broad axe
 w - the +3 mace of Onkosmied {holy, rElec rCorr SInv}
   (You found it on level 3 of the Crypt)

   rElec:     It insulates you from electricity.
   SInv:      It lets you see invisible.
   rCorr:     It protects you from acid and corrosion.
Missiles
 d - 15 javelins
 f - 3 silver javelins
 k - 9 curare-tipped darts
 m - 42 boomerangs (quivered)
 F - 6 throwing nets
Armour
 u - the +0 pair of fencer's gloves (worn) {Riposte Dex+3}
   (You found it in the Desolation of Salt)

   Riposte:   It allows the wearer to riposte with melee weapons, swiftly
   retaliating against missed or blocked melee attacks.
   Dex+3:     It affects your dexterity (+3).
 x - the +2 helmet "Zituruy" (worn) {Int+3 Dex+3}
   (You found it in a Gauntlet)

   Int+3:     It affects your intelligence (+3).
   Dex+3:     It affects your dexterity (+3).
 E - the +4 dragonskin cloak (worn)
   (You took it off Tiamat on level 4 of the Realm of Zot)

   Avatar's Aegis: It grants the wearer a chance to resist fire, cold, poison,
   electricity, acid, and negative energy.
 G - a +5 kite shield of reflection (worn)
 R - the +2 pair of boots "Jixerawn" (worn) {Str+5}
   (You bought it in a shop on level 8 of the Dungeon)

   Str+5:     It affects your strength (+5).
 S - the +10 plate armour of Hedonism (worn) {rF+ Will+ rCorr}
   (You took it off a deep elf high priest on level 5 of the Vaults)

   rF+:       It protects you from fire.
   Will+:     It increases your willpower.
   rCorr:     It protects you from acid and corrosion.
Magical Staves
 o - the staff of Optimality {rF+ Will++ Fire}
   (You found it on level 5 of the Pits of Slime)

   [staff of fire]

   Base accuracy: +5 Base damage: 5 Base attack delay: 1.2 This weapon's minimum
   attack delay (0.6) is reached at skill level 12.
   rF+:       It protects you from fire.
   Will++:    It greatly increases your willpower.
   Fire:      It increases the power of your Fire spells.
   It falls into the 'Staves' category.
   It is a one-handed weapon.
Jewellery
 B - the amulet "Uzaot" {*Slow rN+ Regen+ MP+9 Dex+3}
   (You took it off a tengu reaver on level 5 of the Vaults)

   [amulet of regeneration]

   Dex+3:     It affects your dexterity (+3).
   rN+:       It protects you from negative energy.
   MP+9:      It affects your magic capacity (+9).
   Regen+:    It increases your rate of health regeneration.
   *Slow:     It may slow you when you take damage.
 J - the ring "Haafos" (right hand) {^Contam rPois Str+3 Int+6 Dex+6}
   (You took it off a servant of whispers in the Desolation of Salt)

   [ring of intelligence]

   Str+3:     It affects your strength (+3).
   Int+6:     It affects your intelligence (+6).
   Dex+6:     It affects your dexterity (+6).
   rPois:     It protects you from poison ^Contam: It causes magical
   contamination when unequipped.
 M - the dreamshard necklace (around neck) {Acrobat *Dream}
   (You found it on level 11 of a ziggurat)

   [amulet of the acrobat]

   *Dream:    It absorbs a single lethal wound into itself, holding its wearer
   just short of death and releasing dream-creatures to guard them.
   Acrobat:   It increases your evasion while moving and waiting.
 T - the ring of Noeshid (left hand) {rC+ Will+ MP+9 Dex-4}
   (You found it on level 9 of the Dungeon)

   [ring of magical power]

   Dex-4:     It affects your dexterity (-4).
   rC+:       It protects you from cold.
   Will+:     It increases your willpower.
   MP+9:      It affects your magic capacity (+9).
Wands
 n - a wand of mindburst (55)
 P - a wand of light (57)
 W - a wand of roots (45)
 X - a wand of paralysis (99)
 Z - a wand of digging (36)
Scrolls
 l - a scroll of silence
 r - 4 scrolls of summoning
 t - 2 scrolls of enchant armour
 y - 13 scrolls of immolation
 A - 9 scrolls of fear
 H - 17 scrolls of fog
 K - 7 scrolls of blinking
 L - 12 scrolls of vulnerability
 N - 18 scrolls of poison
 U - 14 scrolls of teleportation
 Y - a scroll of amnesia
Potions
 g - 5 potions of brilliance
 h - 8 potions of enlightenment
 j - 4 potions of cancellation
 p - 3 potions of ambrosia
 q - 10 potions of magic
 s - 25 potions of curing
 v - 6 potions of resistance
 z - 20 potions of mutation
 D - 12 potions of heal wounds
 Q - 2 potions of invisibility
 V - 8 potions of might
Miscellaneous
 e - a lightning rod (4/4)
 i - a tin of tremorstones (2/2)
 C - a phial of floods
 I - a sack of spiders
 O - a phantom mirror


   Skills:
 + Level 21.6 Fighting
 - Level 18.0 Axes
 - Level 8.0 Throwing
 - Level 16.0 Armour
 - Level 8.0 Dodging
 - Level 2.0 Stealth
 - Level 16.0 Shields
 - Level 15.0 Spellcasting
 - Level 20.0 Conjurations
 - Level 5.0 Necromancy
 - Level 5.0 Translocations
 - Level 26.0 Fire Magic
 - Level 5.0 Ice Magic
 - Level 8.0 Earth Magic
 - Level 5.0 Alchemy
 O Level 27 Invocations
 - Level 8.0 Evocations


You had 2 spell levels left.
You knew the following spells:

 Your Spells              Type           Power      Damage    Failure   Level
c - Bombard               Conj/Erth      59%        9d10      1%          6
f - Fire Storm            Conj/Fire      71%        8d18      4%          9
i - Ignition              Fire           75%        3d20      1%          8
q - Apportation           Tloc           100%       N/A       1%          1
w - Passwall              Erth           95%        N/A       1%          3
x - Starburst             Conj/Fire      71%        6d18      0%          6
B - Blink                 Tloc           100%       N/A       1%          2
P - Ignite Poison         Fire/Alch      100%       N/A       0%          4
R - Olgreb's Toxic Radia  Alch           80%        N/A       1%          4
T - Irradiate             Conj/Alch      56%        3d30      1%          5
X - Iskenderun's Mystic   Conj/Tloc      100%       2d19      1%          4
Z - Sublimation of Blood  Necr           80%        N/A       1%          2

Your spell library contained the following spells:

 Spells                   Type           Power      Damage    Failure   Level
 Foxfire                  Conj/Fire      100%       2x1d9     0%          1
 Kiss of Death            Conj/Necr      100%       2d13      0%          1
 Magic Dart               Conj           100%       1d8       0%          1
 Shock                    Conj/Air       100%       1d9       0%          1
 Sting                    Conj/Alch      100%       1d9       0%          1
 Momentum Strike          Conj/Tloc      100%       3d10      0%          2
 Scorch                   Fire           100%       2d9       0%          2
 Searing Ray              Conj           100%       2d8       0%          2
 Static Discharge         Conj/Air       100%       3-8/arc   0%          2
 Freeze                   Ice            100%       1d10      1%          1
 Necrotise                Necr           100%       1d9       1%          1
 Sandblast                Erth           100%       2d20      1%          1
 Slow                     Hex            100%       N/A       1%          1
 Summon Small Mammal      Summ           100%       N/A       1%          1
 Call Imp                 Summ           88%        N/A       1%          2
 Cigotuvi's Dreadful Rot  Necr/Alch/Air  100%       N/A       1%          2
 Ensorcelled Hibernation  Hex/Ice        100%       N/A       1%          2
 Jinxbite                 Hex            88%        N/A       1%          2
 Lesser Beckoning         Tloc           100%       N/A       1%          2
 Mercury Vapours          Alch/Air       100%       N/A       1%          2
 Inner Flame              Hex/Fire       100%       N/A       0%          3
 Stone Arrow              Conj/Erth      100%       3d13      0%          3
 Volatile Blastmotes      Fire/Tloc      100%       2d18      0%          3
 Brom's Barrelling Bould  Conj/Erth      100%       2d11      0%          4
 Flame Wave               Conj/Fire      100%       2d21      0%          4
 Sticky Flame             Fire/Alch      100%       2d15      0%          4
 Fireball                 Conj/Fire      71%        3d27      0%          5
 Iskenderun's Battlesphe  Conj           100%       2d15      0%          5
 Call Canine Familiar     Summ           44%        N/A       1%          3
 Confusing Touch          Hex            44%        N/A       1%          3
 Dazzling Flash           Conj/Hex       100%       N/A       1%          3
 Frozen Ramparts          Ice            100%       1d16      1%          3
 Fugue of the Fallen      Necr           80%        N/A       1%          3
 Gell's Gravitas          Tloc           80%        N/A       1%          3
 Mephitic Cloud           Conj/Alch/Air  97%        N/A       1%          3
 Ozocubu's Armour         Ice            80%        N/A       1%          3
 Sigil of Binding         Hex            44%        N/A       1%          3
 Summon Ice Beast         Ice/Summ       65%        N/A       1%          3
 Swiftness                Air            44%        N/A       1%          3
 Teleport Other           Tloc           80%        N/A       1%          3
 Tukima's Dance           Hex            44%        N/A       1%          3
 Vampiric Draining        Necr           80%        2d11      1%          3
 Anguish                  Hex/Necr       32%        N/A       1%          4
 Animate Armour           Summ/Erth      100%       N/A       1%          4
 Animate Dead             Necr           80%        N/A       1%          4
 Dimensional Bullseye     Hex/Tloc       32%        N/A       1%          4
 Dispel Undead            Necr           80%        3d26      1%          4
 Fulminant Prism          Conj/Alch      56%        3d24      1%          4
 Leda's Liquefaction      Alch/Erth      44%        N/A       1%          4
 Manifold Assault         Tloc           80%        N/A       1%          4
 Martyr's Knell           Necr/Summ      65%        N/A       1%          4
 Passage of Golubria      Tloc           80%        N/A       1%          4
 Petrify                  Alch/Erth      88%        N/A       1%          4
 Summon Blazeheart Golem  Fire/Summ      100%       N/A       1%          4
 Vhi's Electric Charge    Tloc/Air       100%       N/A       1%          4
 Arcjolt                  Conj/Air       52%        1d62      1%          5
 Borgnjor's Vile Clutch   Necr/Erth      44%        N/A       1%          5
 Curse of Agony           Necr           80%        N/A       1%          5
 Freezing Cloud           Conj/Ice/Air   48%        6-21      1%          5
 Lee's Rapid Deconstruct  Erth           47%        3d23*     1%          5
 Plasma Beam              Fire/Air       57%        2x1d73    1%          6
 Airstrike                Air            22%        2d(4-20)  4%          4
 Cause Fear               Hex            22%        N/A       4%          4
 Summon Lightning Spire   Summ/Air       44%        N/A       4%          4
 Metabolic Englaciation   Hex/Ice        32%        N/A       4%          5
 Summon Forest            Summ/Tloc      32%        N/A       4%          5
 Yara's Violent Unravell  Hex/Alch       32%        3d13      4%          5
 Spellforged Servitor     Conj/Summ      52%        N/A       7%          7
 Death Channel            Necr           40%        N/A       10%         6
 Dispersal                Tloc           40%        N/A       10%         6
 Eringya's Noxious Bog    Alch           40%        4d6       10%         6
 Sculpt Simulacrum        Ice/Alch       40%        N/A       10%         6
 Lehudib's Crystal Spear  Conj/Erth      59%        10d14     11%         8
 Silence                  Hex/Air        22%        N/A       14%         5
 Summon Mana Viper        Hex/Summ       44%        N/A       14%         5
 Ozocubu's Refrigeration  Ice            40%        4d16      50%         7
 Summon Cactus Giant      Summ           22%        N/A       61%         6
 Haunt                    Necr/Summ      32%        N/A       83%         7
 Malign Gateway           Summ/Tloc      32%        N/A       83%         7
 Enfeeble                 Hex            22%        N/A       99%         7
 Monstrous Menagerie      Summ           22%        N/A       99%         7
 Summon Hydra             Summ           22%        N/A       99%         7
 Borgnjor's Revivificati  Necr           40%        N/A       99%         8
 Infestation              Necr           40%        N/A       99%         8
 Discord                  Hex            22%        N/A       100%        8
 Maxwell's Capacitive Co  Air            22%        ∞         100%        8
 Summon Horrible Things   Summ           22%        N/A       100%        8
 Chain Lightning          Conj/Air       52%        3d69      100%        9
 Death's Door             Necr           40%        N/A       100%        9
 Dragon's Call            Summ           22%        N/A       100%        9
 Polar Vortex             Ice            40%        12d5*     100%        9
 Shatter                  Erth           47%        3d36*     100%        9


Dungeon Overview and Level Annotations

Branches:
Dungeon (15/15)            Temple (0/1) D:5            Lair (5/5) D:10
 Shoals (4/4) Lair:3       Spider (4/4) Lair:2        Slime (5/5) Lair:5
    Orc (2/2) D:11            Elf (3/3) Orc:2        Vaults (5/5) D:14
  Crypt (3/3) Vaults:2       Tomb (0/3) Crypt:3      Depths (4/4) D:15
   Hell (visited)             Dis (0/7) Hell            Geh (0/7) Hell
    Coc (0/7) Hell            Tar (0/7) Hell            Zot (5/5) Depths:4
  IceCv (visited)         Volcano (visited)         Desolation (visited)
Gauntlet (visited)

Altars:
Ashenzari
Cheibriados
Dithmenos
Elyvilon
Gozag
Kikubaaqudgha
Makhleb
Nemelex Xobeh
Okawaru
Qazlal
Ru
Sif Muna
Vehumet
Wu Jian
Xom
Yredelemnul
Zin
The Shining One
Beogh
Jiyva

Shops:
D:8 [   Orc:2 ??:[[   Elf:2 (:[   Elf:3 [*![   Shoals:3 :   Vaults:3 *
Depths:1 (?*

Portals:
Hell: Depths:1 Depths:2 Depths:3 Depths:4
Abyss: Depths:2 Depths:3
Pandemonium: Depths:2 Depths:3

Annotations:
Elf:2 3 runed translucent doors


Innate Abilities, Weirdness & Mutations

Your spellcasting is much less encumbered by armour.
You can use scrolls of enchantment on lesser artefacts.
You are partially covered in iridescent scales. (AC +2)
You have supernaturally acute eyesight. (SInv)
Your mind is acute. (Int +4, Str/Dex -1)
You are somewhat resistant to further mutation.


Message History

There is a gate to the Realm of Zot here.
You see here a storm dragon skeleton.
There is an open door here.
You see here a +0 short sword.
HP restored.
A tormentor comes into view.
Cast which spell? (? or * to list)
Aiming: Fire Storm (dangerous; 6% risk of failure)
Press: ? - help, Dir - move target A raging storm of fire appears!
The great blast of fire engulfs the tormentor!!!
The tormentor partially resists.
You kill the tormentor!
Cheibriados appreciates the change of pace.
What level of the Dungeon? (default 1, ? - help)
You see here a deep troll skeleton.
An Ice Fiend comes into view.
You see here a +0 trident.
Cast which spell? (? or * to list)
Aiming: Fire Storm (dangerous; 6% risk of failure)
Press: ? - help, Dir - move target, f - Ice Fiend
Aim: an Ice Fiend A raging storm of fire appears!
The great blast of fire engulfs the Ice Fiend!!!!
The Ice Fiend is burned terribly!
The Ice Fiend is almost dead.
Cast which spell? (? or * to list)
Aiming: Fire Storm (dangerous; 6% risk of failure)
Press: ? - help, Dir - move target, f/p - Ice Fiend
Aim: an Ice Fiend (flame, almost dead)
A raging storm of fire appears!
The great blast of fire engulfs the Ice Fiend!!!!
The Ice Fiend is burned terribly!
You kill the Ice Fiend!
Cheibriados appreciates the change of pace.
What level of the Dungeon? (default 1, ? - help)
There is a stone staircase leading up here.
You climb upwards.
There is a stone staircase leading down here.
There is a stone staircase leading up here.
You climb upwards.
There is a stone staircase leading down here.
A red devil comes into view. It is wielding a +0 trident.
Cast which spell? (? or * to list)
Aiming: Bombard (mildly dangerous; 1% risk of failure)
Press: ? - help, Shift-Dir - straight line, f - red devil
Aim: a red devil, wielding a +0 trident (71% to hit)
The iron shot hits the red devil!!
The red devil is severely wounded.
The blast sends you backwards.
Cast which spell? (? or * to list)
Aiming: Bombard (mildly dangerous; 1% risk of failure)
Press: ? - help, Shift-Dir - straight line, f/p - red devil
Aim: a red devil, wielding a +0 trident (severely wounded, 71% to hit)
The iron shot hits the red devil!!!
You kill the red devil!
Cheibriados appreciates the change of pace.
There is an open door here.
There is an open door, spattered with blood here.
You see here a fire dragon skeleton.
Cast which spell? (? or * to list)
You draw magical energy from your own body!
Cast which spell? (? or * to list)
You draw magical energy from your own body!
What level of the Dungeon? (default 1, ? - help) HP restored.
There is an open door here.
There is a stone staircase leading up here.
You climb upwards.
There is a stone staircase leading down here.
You see here a +0 flail.
HP restored.
Magic restored.
Things that are here:
a +0 animal skin; a +0 war axe
There is a staircase back to the Dungeon here.
You climb upwards.
Welcome back to the Dungeon!
There is a staircase to the Depths here.
Magic restored.
An Orb Guardian comes into view.
Cast which spell? (? or * to list)
Aiming: Bombard (mildly dangerous; 1% risk of failure)
Press: ? - help, Shift-Dir - straight line, f - Orb Guardian
Aim: an Orb Guardian (71% to hit)
The iron shot misses the Orb Guardian.
Cast which spell? (? or * to list)
Aiming: Bombard (mildly dangerous; 1% risk of failure)
Press: ? - help, Shift-Dir - straight line, f/p - Orb Guardian
Aim: an Orb Guardian (71% to hit)
The iron shot hits the Orb Guardian!!!
The Orb Guardian is heavily wounded.
Cast which spell? (? or * to list)
Casting: Starburst (safe; 0% risk of failure)
Press: ? - help, Dir - look around, f - activate The bolt of fire hits the withered plant!!!
The withered plant begins to crumble.
The withered plant is moderately damaged.
The bolt of fire hits the Orb Guardian!!!
The Orb Guardian is almost dead.
The Orb Guardian hits you but does no damage.
Cast which spell? (? or * to list)
Casting: Starburst (safe; 0% risk of failure)
Press: ? - help, Dir - look around, f - activate The bolt of fire hits the Orb Guardian!!!
You kill the Orb Guardian!
Cheibriados appreciates the change of pace.
The bolt of fire hits the withered plant!!!
The withered plant is severely damaged.
Cast which spell? (? or * to list)
You draw magical energy from your own body!
What level of the Dungeon? (default 1, ? - help)
The withered plant crumbles away. 3 hell hogs come into view.
Cast which spell? (? or * to list)
Aiming: Fire Storm (dangerous; 6% risk of failure)
Press: ? - help, Dir - move target A raging storm of fire appears!
The great blast of fire engulfs the hell hog!!
The hell hog partially resists.
The hell hog is heavily wounded.
The great blast of fire engulfs the hell hog!!
The hell hog partially resists.
The hell hog is severely wounded.
The great blast of fire engulfs the hell hog!!!
The hell hog partially resists.
The hell hog is severely wounded.
Cast which spell? (? or * to list)
Aiming: Fire Storm (dangerous; 6% risk of failure)
Press: ? - help, Dir - move target A raging storm of fire appears!
The great blast of fire engulfs the hell hog!!
The hell hog partially resists.
You kill the hell hog!
Cheibriados thoroughly appreciates the change of pace.
The great blast of fire engulfs the hell hog!!!
The hell hog partially resists.
You kill the hell hog!
Cheibriados thoroughly appreciates the change of pace.
The great blast of fire engulfs the hell hog!!!
The hell hog partially resists.
You kill the hell hog!
Cheibriados appreciates the change of pace.
A hell hog comes into view.
Cast which spell? (? or * to list)
Aiming: Fire Storm (dangerous; 6% risk of failure)
Press: ? - help, Dir - move target, f - fire vortex
Aim: a fire vortex (friendly)
A raging storm of fire appears!
The great blast of fire engulfs the hell hog!!
The hell hog partially resists.
The hell hog is heavily wounded.
Your fire vortex hits something.
Your fire vortex burns something!
Your fire vortex dissipates!
Cast which spell? (? or * to list)
Aiming: Fire Storm (dangerous; 6% risk of failure)
Press: ? - help, Dir - move target, f - fire vortex, p - fire vortex
Aim: a fire vortex (flame, friendly)
A raging storm of fire appears!
The great blast of fire engulfs the hell hog!!
The hell hog partially resists.
You kill the hell hog!
Cheibriados thoroughly appreciates the change of pace.
* * * LOW MAGIC WARNING * * *
Cast which spell? (? or * to list)
You draw magical energy from your own body!
* * * LOW MAGIC WARNING * * *
Your fire vortex hits the withered plant.
The withered plant begins to crumble.
Your fire vortex burns the withered plant!
Your fire vortex dissipates!
Cast which spell? (? or * to list)
You draw magical energy from your own body!
* * * LOW MAGIC WARNING * * *
Cast which spell? (? or * to list)
You draw magical energy from your own body!
Cast which spell? (? or * to list)
You draw magical energy from your own body!
Cast which spell? (? or * to list)
You draw magical energy from your own body!
The withered plant crumbles away.
Cast which spell? (? or * to list)
You draw magical energy from your own body!
What level of the Dungeon? (default 1, ? - help)
There is a stone staircase leading up, spattered with blood here.
You climb upwards.
There is a stone staircase leading down here.
A Hell Sentinel comes into view.
Cast which spell? (? or * to list)
Aiming: Fire Storm (dangerous; 6% risk of failure)
Press: ? - help, Dir - move target A raging storm of fire appears!
The great blast of fire engulfs the Hell Sentinel!!!
The Hell Sentinel partially resists.
The Hell Sentinel is moderately wounded.
Cast which spell? (? or * to list)
Aiming: Fire Storm (dangerous; 6% risk of failure)
Press: ? - help, Dir - move target A raging storm of fire appears!
The great blast of fire engulfs the Hell Sentinel!!!
The Hell Sentinel partially resists.
The Hell Sentinel is heavily wounded.
The Hell Sentinel gestures at you.
The sphere of damnation explodes!
The damnation engulfs you!!
Cast which spell? (? or * to list)
Aiming: Bombard (mildly dangerous; 1% risk of failure)
Press: ? - help, Shift-Dir - straight line, f - Hell Sentinel
Aim: a Hell Sentinel (flame, heavily wounded, 98% to hit)
The iron shot hits the Hell Sentinel!!!
The Hell Sentinel is almost dead.
The blast sends you backwards.
Your fire vortex hits the Hell Sentinel.
Your fire vortex dissipates!
The Hell Sentinel gestures at you.
The sphere of damnation explodes!
The damnation engulfs you!
Cast which spell? (? or * to list)
Aiming: Bombard (mildly dangerous; 1% risk of failure)
Press: ? - help, Shift-Dir - straight line, f/p - Hell Sentinel
Aim: a Hell Sentinel (flame, almost dead, 98% to hit)
The iron shot hits the Hell Sentinel!!
The Hell Sentinel is almost dead.
The blast sends you backwards.
The Hell Sentinel hits your fire vortex!
The Hell Sentinel barely misses your fire vortex.
Cast which spell? (? or * to list)
You don't have enough magic to cast this spell.
Cast which spell? (? or * to list)
You draw magical energy from your own body!
Your fire vortex hits the Hell Sentinel.
Your fire vortex dissipates!
The Hell Sentinel hits your fire vortex!!
The Hell Sentinel hits your fire vortex!
Your fire vortex dissipates!
Cast which spell? (? or * to list)
Aiming: Fire Storm (dangerous; 6% risk of failure)
Press: ? - help, Dir - move target, f/p - Hell Sentinel
Aim: a Hell Sentinel (almost dead)
A raging storm of fire appears!
The great blast of fire engulfs the Hell Sentinel!!!
The Hell Sentinel partially resists.
You kill the Hell Sentinel!
Cheibriados appreciates the change of pace.
You feel clever.
You fly up into the air.
The +9 mace "Lofups Baiv" {freeze, Fly Int+5} glows with a cold blue light!
a - the +9 mace "Lofups Baiv" (weapon)
{freeze, Fly Int+5}
There is a stone staircase leading up here.
You start resting.
A hellwing comes into view.
You fly upwards.
There is a stone staircase leading down here.
What level of the Dungeon? (default 1, ? - help)
There is an open door here.
You see here a basilisk skeleton.
There is a stone staircase leading up here.
You fly upwards.
There is a stone staircase leading down here.
A Brimstone Fiend comes into view.
Cast which spell? (? or * to list)
Aiming: Fire Storm (dangerous; 4% risk of failure)
Press: ? - help, Dir - move target A raging storm of fire appears!
The great blast of fire engulfs the Brimstone Fiend!
The Brimstone Fiend partially resists.
The Brimstone Fiend is lightly wounded.
Cast which spell? (? or * to list)
Aiming: Fire Storm (dangerous; 4% risk of failure)
Press: ? - help, Dir - move target A raging storm of fire appears!
The great blast of fire engulfs the Brimstone Fiend!!!
The Brimstone Fiend partially resists.
The Brimstone Fiend is heavily wounded.
Your fire vortex barely misses the Brimstone Fiend.
The Brimstone Fiend hits your fire vortex!!
The Brimstone Fiend hits your fire vortex!
Your fire vortex dissipates!
Cast which spell? (? or * to list)
Aiming: Fire Storm (dangerous; 4% risk of failure)
Press: ? - help, Dir - move target A raging storm of fire appears!
The great blast of fire engulfs the Brimstone Fiend!!!
The Brimstone Fiend partially resists.
You kill the Brimstone Fiend!
Cheibriados appreciates the change of pace.
Cast which spell? (? or * to list)
You draw magical energy from your own body!
What level of the Dungeon? (default 1, ? - help)
A Tzitzimitl comes into view.
Cast which spell? (? or * to list)
Aiming: Fire Storm (dangerous; 4% risk of failure)
Press: ? - help, Dir - move target, f - Tzitzimitl
Aim: a Tzitzimitl A raging storm of fire appears!
The great blast of fire engulfs the Tzitzimitl!!!
The Tzitzimitl is severely wounded.
Cast which spell? (? or * to list)
Aiming: Fire Storm (dangerous; 4% risk of failure)
Press: ? - help, Dir - move target, f/p - Tzitzimitl
Aim: a Tzitzimitl (flame, severely wounded)
A raging storm of fire appears!
The great blast of fire engulfs the Tzitzimitl!!!!
You kill the Tzitzimitl!
Cheibriados appreciates the change of pace.
Cast which spell? (? or * to list)
You draw magical energy from your own body!
What level of the Dungeon? (default 1, ? - help)
You hear a grinding noise.
Some rock shatters into small pieces.
An orange demon comes into view.
A cacodemon comes into view.
Cast which spell? (? or * to list)
Aiming: Fire Storm (dangerous; 4% risk of failure)
Press: ? - help, Dir - move target A raging storm of fire appears!
The great blast of fire engulfs the cacodemon!!!
The cacodemon is severely wounded.
The great blast of fire engulfs the orange demon!!!
The orange demon is almost dead.
The cacodemon is engulfed in blazing flames.
The orange demon is engulfed in blazing flames.
You kill the orange demon!
Cheibriados appreciates the change of pace.
Cast which spell? (? or * to list)
You erupt in a fountain of uncontrolled magic!
The cacodemon is blasted with magical radiation!!!
You kill the cacodemon!
Cheibriados appreciates the change of pace.
You are very lightly contaminated with residual magic.
What level of the Dungeon? (default 1, ? - help)
There is an open door here.
An Orb Guardian comes into view.
Cast which spell? (? or * to list)
You can't see any susceptible monsters within range! (Use Z to cast anyway.) Cast which spell? (? or * to list)
Aiming: Bombard (mildly dangerous; 1% risk of failure)
Press: ? - help, Shift-Dir - straight line, f - Orb Guardian
Aim: an Orb Guardian (71% to hit)
The iron shot hits the Orb Guardian!!!
The Orb Guardian is severely wounded.
Cast which spell? (? or * to list)
Aiming: Bombard (mildly dangerous; 1% risk of failure)
Press: ? - help, Shift-Dir - straight line, f/p - Orb Guardian
Aim: an Orb Guardian (severely wounded, 71% to hit)
The iron shot misses the Orb Guardian.
Cast which spell? (? or * to list)
Aiming: Bombard (mildly dangerous; 1% risk of failure)
Press: ? - help, Shift-Dir - straight line, f/p - Orb Guardian
Aim: an Orb Guardian (severely wounded, 71% to hit)
The iron shot misses the Orb Guardian.
The blast sends you backwards.
Cast which spell? (? or * to list)
Aiming: Bombard (mildly dangerous; 1% risk of failure)
Press: ? - help, Shift-Dir - straight line, f/p - Orb Guardian
Aim: an Orb Guardian (severely wounded, 71% to hit)
The iron shot hits the Orb Guardian!!!
You kill the Orb Guardian!
Cheibriados appreciates the change of pace.
Cast which spell? (? or * to list)
You draw magical energy from your own body!
Cast which spell? (? or * to list)
You draw magical energy from your own body!
Cast which spell? (? or * to list)
You draw magical energy from your own body!
Cast which spell? (? or * to list)
You draw magical energy from your own body!
What level of the Dungeon? (default 1, ? - help)
Your magical contamination has completely faded away.
Things that are here:
a +0 giant club; a +0 giant club; a +0 orcbow You see here a +0 hand axe.
Things that are here:
a +0 robe; a +0 dagger
There is a stone staircase leading up, spattered with blood here.
You fly upwards.
There is a stone staircase leading down here.
A neqoxec comes into view.
Cast which spell? (? or * to list)
Aiming: Bombard (mildly dangerous; 1% risk of failure)
Press: ? - help, Shift-Dir - straight line, f - neqoxec
Aim: a neqoxec (74% to hit)
The iron shot hits the neqoxec!!!
You kill the neqoxec!
Cheibriados appreciates the change of pace.
What level of the Dungeon? (default 1, ? - help)
There is a stone staircase leading up here.
You fly upwards.
There is a stone staircase leading down here.
Items here: ))) [[ ÷÷.
There is an escape hatch in the ceiling, spattered with blood here.
Things that are here:
+0 acid dragon scales; an acid dragon skeleton
There is a stone staircase leading up, spattered with blood here.
You fly upwards.
There is a stone staircase leading down here.
There is an open door here.
Magic restored.
There is an open door here.
There is a stone staircase leading up here.
You fly upwards.
There is a stone staircase leading down here.
HP restored.
Things that are here:
a +0 dagger; a +0 dagger; a kobold skeleton
There is a stone staircase leading down here.
You see here a +0 short sword.
There is a stone staircase leading up here.
You fly upwards.
There is a stone staircase leading down here.
There is a stone staircase leading up here.
You fly upwards.
There is a stone staircase leading down here.
A toenail golem comes into view.
Cast which spell? (? or * to list)
Aiming: Bombard (mildly dangerous; 1% risk of failure)
Press: ? - help, Shift-Dir - straight line, f - toenail golem
Aim: a toenail golem (93% to hit)
The iron shot hits the toenail golem!!!
The toenail golem is heavily damaged.
Cast which spell? (? or * to list)
Aiming: Bombard (mildly dangerous; 1% risk of failure)
Press: ? - help, Shift-Dir - straight line, f/p - toenail golem
Aim: a toenail golem (heavily damaged, 93% to hit)
The iron shot hits the toenail golem!!!
You destroy the toenail golem!
Cheibriados appreciates the change of pace.
The blast sends you backwards.
Cast which spell? (? or * to list)
You draw magical energy from your own body!
What level of the Dungeon? (default 1, ? - help) HP restored.
A hellion comes into view.
Cast which spell? (? or * to list)
Aiming: Fire Storm (dangerous; 4% risk of failure)
Press: ? - help, Dir - move target A raging storm of fire appears!
The great blast of fire engulfs the hellion!!!!
You kill the hellion!
Cheibriados appreciates the change of pace.
What level of the Dungeon? (default 1, ? - help) Magic restored.
There is a stone staircase leading up here.
You fly upwards.
HP restored.
There is a stone staircase leading down here.
Magic restored.
There is a stone staircase leading up here.
You fly upwards.
There is a stone staircase leading down here.
There is a stone staircase leading up here.
You fly upwards.
There is a stone staircase leading down here.
An ice devil comes into view.
Cast which spell? (? or * to list)
Casting: Starburst (safe; 0% risk of failure)
Press: ? - help, Dir - look around, f - activate The bolt of fire hits the ice devil!!!
The ice devil is burned terribly!
You kill the ice devil!
Cheibriados appreciates the change of pace.
What level of the Dungeon? (default 1, ? - help) Magic restored.
There is a stone staircase leading up here.
You fly upwards.
There is a stone staircase leading down here.
There is a stone staircase leading up here.
You fly upwards.
There is a stone staircase leading down here.
There is an open door here.
A rakshasa comes into view. It is wielding a +0 whip.
The rakshasa gestures at you.
Your +5 kite shield of reflection blocks the lance of force... and reflects it back!
The lance of force hits the rakshasa!!
The rakshasa is knocked back by the lance of force.
The rakshasa slams into the rock wall!
The rakshasa is heavily wounded.
Cast which spell? (? or * to list)
Aiming: Bombard (mildly dangerous; 1% risk of failure)
Press: ? - help, Shift-Dir - straight line, f - rakshasa
Aim: a rakshasa, wielding a +0 whip and wearing a +0 robe (heavily wounded, 69% to hit)
The iron shot hits the rakshasa!!!
The rakshasa is almost dead.
Cast which spell? (? or * to list)
Aiming: Bombard (mildly dangerous; 1% risk of failure)
Press: ? - help, Shift-Dir - straight line, f/p - rakshasa
Aim: a rakshasa, wielding a +0 whip and wearing a +0 robe (almost dead, 69% to hit)
The iron shot misses the rakshasa.
You block the rakshasa's attack.
Cast which spell? (? or * to list)
Aiming: Bombard (mildly dangerous; 1% risk of failure)
Press: ? - help, Shift-Dir - straight line, f/p - rakshasa
Aim: a rakshasa, wielding a +0 whip and wearing a +0 robe (almost dead, 69% to hit)
The iron shot hits the rakshasa!!!
You kill the rakshasa!
Cheibriados appreciates the change of pace.
The blast sends you backwards.
Cast which spell? (? or * to list)
You draw magical energy from your own body!
What level of the Dungeon? (default 1, ? - help) HP restored.
There is an open door here.
Things that are here:
a +0 whip; a +0 robe You see here a +0 robe.
There is a large open door here.
There is a staircase leading out of the dungeon here.
You have escaped!

#.## #.....####'## ##.###
##..# #.....# #.####..#
#...# ###..## #.#....##
##.#.# ##.## #.#....#
...#.## #..# #.#...##
......#### ##''## #.#...#
## .###.....#
##.##.###...### #.
.#[#.###.# #...##.##..##
#. .###.###.#
##.@.##.##..# #####
.........##
##....##.#...# #....
......##..#
#.####ß#.#..## #.###
#########.###.......##..#
#.# #...##########..# #.#
###...#####.....# #.#
###...##..###.# #.#
###...>## #.# #.# ####.#
#.# #.#


There were no monsters in sight!

Vanquished Creatures
  the Royal Jelly (Slime:5)
  A pandemonium lord (Zig:12)
  Tiamat (Zot:4)
  4 ancient liches
  Frederick (Depths:3)
  7 dread liches
  6 orbs of fire
  A royal mummy (Zig:6)
  Sojobo (Depths:1)
  Saint Roka (Vaults:2)
  9 Killer Klowns
  A curse toe (Zot:3)
  Geryon (Hell)
  7 golden dragons
  Arachne (Spider:2)
  2 bone dragons (Abyss:1)
  2 Tzitzimimeh
  2 electric golems (Zot:5)
  2 Brimstone Fiends
  2 Hell Sentinels
  Jorgrun (Shoals:1)
  3 Ice Fiends
  Mlioglotl (Spider:2)
  5 liches
  27 Orb Guardians
  12 tentacled monstrosities
  3 titans
  A quicksilver dragon (Depths:3)
  A deep elf blademaster (Elf:3)
  7 searing wretches
  A kraken (Shoals:2)
  4 deep elf master archers (Elf:3)
  7 death cobs
  9 sphinxes
  Frances (Shoals:2)
  17 acid blobs
  3 ancient champions (Hell)
  An Executioner (Abyss:3)
  8 shadow dragons
  Agnes (D:15)
  4 tentacled starspawn
  10 tengu reavers
  A thorn hunter (Zig:9)
  Aizul (Spider:3)
  17 storm dragons
  Donald (Shoals:1)
  12 draconian monks
  12 fire giants
  5 protean progenitors
  8 azure jellies
  2 revenants (Crypt:3)
  9 rockslimes
  A fenstrider witch (Zig:7)
  A demonspawn warmonger (Zig:12)
  3 draconian shifters
  10 deep elf sorcerers
  5 draconian knights
  11 emperor scorpions
  24 vault wardens
  4 frost giants
  5 draconian scorchers
  2 imperial myrmidons (Desolation)
  6 deep elf elementalists (Elf:3)
  2 iron dragons
  Louise (Spider:2)
  4 balrugs
  5 ghost moths
  6 orc warlords
  3 curse skulls
  3 demonspawn corrupters (Zig:12)
  10 stone giants
  2 angels (Vaults:1)
  7 cacodemons
  11 quicksilver oozes
  4 formless jellyfish
  7 reapers (Hell)
  16 very ugly things
  A spriggan defender (Depths:2)
  A caustic shrike skeleton (Zig:6)
  17 ironbound preservers
  6 draconian stormcallers
  11 green draconians
  5 ironbound thunderhulks
  4 vampire knights
  12 black draconians
  Nessos (Orc:2)
  10 white draconians
  10 purple draconians
  7 yellow draconians
  A demonspawn black sun (Zig:12)
  A wendigo (Hell)
  6 deep elf demonologists
  The ghost of Nuemoom the Grappler, a journeyman TrSh of Dithmenos (Lair:3)
  6 deep elf annihilators
  2 bunyips
  An eleionoma (Zig:9)
  A minotaur (Gauntlet)
  3 halazid warlocks (Desolation)
  A putrid mouth (Hell)
  11 dire elephants
  5 spark wasps
  7 war gargoyles
  15 red draconians
  2 eidola
  6 deep elf death magi
  2 merfolk javelineers (Shoals:4)
  2 blizzard demons
  2 iron golems (Hell)
  2 jiangshi
  12 ettins
  10 ragged hierophants (Desolation)
  Josephine (D:15)
  11 yaktaur captains
  7 deep elf high priests
  An entropy weaver (shapeshifter) (D:13)
  2 shambling mangroves
  2 crystal guardians
  5 great orbs of eyes
  The ghost of Gucwul the Severer, a journeyman MiFi of Okawaru (D:12)
  12 merfolk impalers
  5 entropy weavers
  29 vault guards
  Erolcha (Orc:2)
  6 fire dragons
  A fenstrider witch zombie (Crypt:1)
  4 rakshasas
  5 ice dragons
  2 hell beasts
  5 servants of whispers (Desolation)
  13 ironbound frosthearts
  19 hydras
  11 centaur warriors
  3 alligators
  9 peacekeepers
  11 spriggan air magi
  An anaconda (Lair:2)
  2 death knights
  A jorogumo (Spider:3)
  A spriggan skeleton (Crypt:3)
  4 ogre magi
  A catoblepas (Lair:5)
  A ghost crab (Crypt:3)
  A fenstrider witch skeleton (Crypt:1)
  14 dancing weapons
  6 radroaches
  15 boulder beetles
  A death scarab (Zig:6)
  A stoker (Hell)
  2 satyrs
  An alligator snapping turtle (Shoals:4)
  4 deep troll shamans
  12 death yaks
  4 two-headed ogres
  11 demonic crawlers
  2 merfolk aquamancers (Shoals:4)
  9 vampire magi
  7 deep troll earth magi
  13 hell hogs
  4 tengu warriors
  A titan zombie (Abyss:3)
  A quicksilver ooze zombie (Crypt:2)
  3 spriggan berserkers
  A shock serpent (shapeshifter) (Depths:2)
  4 thrashing horrors
  Nergalle (Lair:3)
  4 occultists
  17 sun demons
  Sonja (D:10)
  16 deep elf knights
  2 wretched stars
  4 iron trolls
  7 pharaoh ants
  6 soul eaters
  A titan skeleton (Crypt:3)
  2 sixfirhies (Zot:3)
  11 skeletal warriors
  7 sea snakes
  8 hell knights
  6 skysharks
  17 flayed ghosts
  5 shadow wraiths
  A death drake (Zig:7)
  28 deep trolls
  A fire crab (Lair:2)
  2 goliath frogs (Zig:9)
  A bunyip zombie (Crypt:2)
  A spark wasp zombie (D:15)
  2 spriggan druids
  An orb spider (shapeshifter) (Depths:2)
  23 ironbound convokers
  A swamp dragon (Zig:9)
  8 glowing orange brains
  A golden dragon zombie (Crypt:1)
  3 sun moths
  7 steelbarb worms
  3 orange crystal statues
  An anaconda skeleton (Crypt:3)
  6 orb spiders
  A glowing orange brain (shapeshifter) (Depths:2)
  6 arcanists
  20 starcursed masses
  11 harpies
  7 deep elf archers
  3 obsidian statues
  2 lightning spires (Depths:1)
  A bunyip skeleton (Crypt:1)
  16 phantasmal warriors
  7 necromancers
  A fenstrider witch simulacrum (Hell)
  15 orc knights
  A stone giant zombie (Crypt:2)
  40 deep elf pyromancers
  13 lindwurms
  16 deep elf zephyrmancers
  22 ugly things
  6 cyclopes
  2 shining eyes (shapeshifter)
  6 shining eyes
  10 orc sorcerers
  25 wolf spiders
  18 manticores
  20 fauns
  A salamander (Depths:2)
  A wolf spider (shapeshifter) (Depths:2)
  A will-o-the-wisp (Zig:9)
  A shock serpent zombie (Crypt:1)
  A jorogumo skeleton (Crypt:1)
  32 moths of wrath
  2 toenail golems
  2 worldbinders
  16 large abominations
  An oklob plant (Lair:5)
  7 meliai
  2 human skeletons
  2 spectral centaurs (D:12)
  The ghost of Decysan the Shooter, a novice GrHs of Makhleb (D:5)
  8 elephants
  31 vault sentinels
  9 black mambas
  3 ice statues
  An elephant (shapeshifter) (Vaults:5)
  4 rust devils
  2 apocalypse crabs
  9 merfolk sirens
  13 cane toads
  8 torpor snails
  A guardian serpent (shapeshifter) (D:13)
  A smoke demon (Abyss:1)
  7 gargoyles
  6 water nymphs
  A torpor snail (shapeshifter) (Zig:4)
  2 eyes of devastation
  2 molten gargoyles (Volcano)
  2 centaur skeletons
  6 unseen horrors
  2 orange demons
  6 rime drakes
  4 kobold demonologists
  2 tormentors
  4 hellions
  Maggie (D:6)
  A red draconian zombie (Crypt:2)
  Jeremiah (D:6)
  A black draconian zombie (Crypt:1)
  4 efreet
  8 komodo dragons
  20 yaktaurs
  4 guardian mummies
  5 freezing wraiths
  7 tengu conjurers
  3 ice devils
  3 red devils
  25 merfolk
  A hydra zombie (Crypt:2)
  An anaconda simulacrum (Hell)
  13 polar bears
  4 tyrant leeches
  A bloated husk (Zig:9)
  10 wind drakes
  A silent spectre (Abyss:1)
  A wolf spider simulacrum (D:12)
  A harpy skeleton (Crypt:2)
  19 tarantellas
  7 trolls
  20 hornets
  52 saltlings (Desolation)
  18 blink frogs
  A snapping turtle (shapeshifter) (Zig:11)
  A hellwing (Abyss:1)
  A glass eye (Abyss:3)
  12 raiju
  22 dream sheep
  2 spriggan zombies
  11 snapping turtles
  23 culicivoras
  28 jumping spiders
  66 slime creatures
  11 shadows
  3 centaur simulacra
  An ettin skeleton (Crypt:2)
  11 water elementals
  2 vampires
  11 air elementals
  3 ushabtiu
  5 spriggans
  3 wyverns
  A naga simulacrum (Hell)
  34 small abominations
  13 wraiths
  42 yaks
  6 fire dragon skeletons (Crypt:3)
  5 ynoxinuls
  A fire bat (D:10)
  12 fire elementals
  5 neqoxecs
  5 golden eyes
  5 basilisks
  8 wargs
  A hog (shapeshifter) (D:15)
  An elf skeleton (Vaults:2)
  67 redbacks
  5 steam dragons
  6 vampire mosquitoes
  A swamp worm (shapeshifter) (Vaults:5)
  4 chaos spawn
  A glowing shapeshifter zombie (Vaults:2)
  2 acid dragons
  14 water moccasins
  A skyshark zombie (Crypt:2)
  2 great orb of eyes simulacra (IceCv)
  A naga skeleton (Crypt:3)
  13 hell hounds
  A glowing shapeshifter skeleton (Vaults:2)
  23 orc warriors
  2 ice beasts
  A sky beast (D:10)
  18 black bears
  3 boggarts
  24 laughing skulls
  A dream sheep zombie (Crypt:1)
  29 wolves
  An ettin simulacrum (Hell)
  An ice dragon simulacrum (Gauntlet)
  10 ogres
  17 centaurs
  A slime creature simulacrum (IceCv)
  A phantom (D:6)
  A rime drake zombie (Crypt:1)
  11 weeping skulls
  A brain worm (Abyss:1)
  4 kobold brigands
  12 scorpions
  7 bullfrogs
  8 earth elementals
  A cyclops zombie (Crypt:1)
  4 glowing shapeshifter simulacra (IceCv)
  2 two-headed ogre simulacra (Orc:1)
  16 wights
  2 hornet simulacra
  2 water moccasin skeletons (Crypt:2)
  An elephant simulacrum (Orc:1)
  10 killer bees
  A raiju skeleton (Crypt:2)
  2 vampire bats
  9 electric eels
  3 howler monkeys (D:9)
  3 bombardier beetles
  2 quasits (Abyss:1)
  2 centaur zombies (D:9)
  A human zombie (Crypt:2)
  5 hounds
  9 jellies
  23 orc priests
  3 sleepcaps
  Crazy Yiuf (D:3)
  Jessica (D:2)
  3 iguanas
  10 hell rats
  Natasha (thrice) (D:3)
  36 orc wizards
  A troll simulacrum (Orc:1)
  2 scorpion zombies (D:9)
  3 spriggan simulacra (Orc:1)
  7 shapeshifter simulacra (IceCv)
  A wolf simulacrum (Orc:1)
  A killer bee zombie (D:9)
  2 ogre zombies (D:9)
  6 hound zombies (D:9)
  16 mummies
  2 adders
  A shadow imp (D:6)
  2 white imps
  2 ufetubi (Abyss:1)
  An adder zombie (D:9)
  2 dart slugs
  64 orcs
  3 bat skeletons (D:6)
  3 bat zombies (D:6)
  5 endoplasms
  6 giant cockroaches
  4 hobgoblins
  4 jackals
  4 quokkas
  7 ball pythons
  A ball python zombie (Crypt:2)
  18 bats
  3 frilled lizards
  9 goblins
  18 kobolds
  4 rats
  4 aspiring fleshes
  A butterfly (Lair:3)
  A creeping inferno (Hell)
  7 starspawn tentacles
2809 creatures vanquished.

Vanquished Creatures (collateral kills)
  An ancient lich (Vaults:5)
  A tentacled monstrosity (Vaults:5)
  A titan (Vaults:5)
  An acid blob (Zig:10)
  A sphinx (Vaults:5)
  2 death cobs
  2 shadow dragons (Vaults:5)
  2 storm dragons (Vaults:5)
  A frost giant (Vaults:5)
  A fire giant (Vaults:5)
  A stone giant (Vaults:5)
  A black draconian (Zot:3)
  A red draconian (Zot:1)
  A deep elf annihilator (Vaults:5)
  A yellow draconian (Zot:3)
  An ettin (Vaults:5)
  A yaktaur captain (Vaults:5)
  A deep elf high priest (Vaults:5)
  2 phantasmal warriors (Vaults:5)
  An ironbound convoker (Vaults:5)
  9 foxfires
33 creatures vanquished.

Vanquished Creatures (others)
  A dancing weapon (Vaults:5)
  A deep elf zephyrmancer (Elf:1)
  2 lightning spires (Depths:1)
  A manticore (Shoals:4)
  A human (Depths:2)
  2 orc wizards (D:8)
  An orc (D:8)
  A creeping inferno (Hell)
  105 fire vortices
  1032 foxfires
  A lurking horror (Abyss:1)
  19 spectral weapons
  3 starspawn tentacles
1170 creatures vanquished.

Grand Total: 4012 creatures vanquished

Notes
Turn   | Place    | Note
-------+----------+-------------------------------------------
     0 | D:1      | jagoly the Mountain Dwarf Fire Elementalist began the quest
                  | for the Orb.
     0 | D:1      | Reached XP level 1. HP: 14/14 MP: 3/3
    35 | D:1      | Reached skill level 1 in Conjurations
    90 | D:1      | Reached XP level 2. HP: 20/20 MP: 1/5
   286 | D:1      | Learned a level 2 spell: Scorch
   526 | D:1      | Reached XP level 3. HP: 26/26 MP: 4/6
  1319 | D:2      | Found a faded altar of an unknown god.
  1424 | D:2      | Reached XP level 4. HP: 33/33 MP: 5/7
  1441 | D:2      | Noticed Jessica
  1448 | D:2      | Killed Jessica
  1449 | D:2      | Reached skill level 5 in Fire Magic
  1680 | D:3      | Found a burning altar of Makhleb.
  1828 | D:3      | Noticed Natasha
  1934 | D:3      | Killed Natasha
  1935 | D:3      | Reached XP level 5. HP: 29/38 MP: 0/8
  2015 | D:3      | Found an iron altar of Okawaru.
  2232 | D:3      | Noticed Natasha
  2235 | D:3      | Killed Natasha
  2290 | D:3      | Noticed Natasha
  2294 | D:3      | Killed Natasha
  2540 | D:3      | Found a runed translucent door.
  2541 | D:3      | Noticed Crazy Yiuf
  2701 | D:4      | Reached XP level 6. HP: 45/45 MP: 4/9
  3038 | D:4      | Found an opulent altar of Gozag.
  3307 | D:4      | Found a shimmering blue altar of Sif Muna.
  3337 | D:5      | Entered Level 5 of the Dungeon
  3408 | D:5      | Reached XP level 7. HP: 40/50 MP: 2/10
  3414 | D:5      | Noticed Decysan's ghost (novice GrHs)
  3586 | D:5      | Noticed a wraith
  3757 | D:5      | Found a white marble altar of Elyvilon.
  3767 | D:5      | Became a worshipper of Elyvilon the Healer
  3819 | D:5      | Reached skill level 5 in Conjurations
  3824 | D:5      | Learned a level 4 spell: Flame Wave
  3914 | D:5      | Found a snail-covered altar of Cheibriados.
  3929 | D:5      | Fell from the grace of Elyvilon
  3929 | D:5      | Became a worshipper of Cheibriados the Contemplative
  4067 | D:5      | Found a transporter.
  4073 | D:5      | Found a transporter.
  4112 | D:5      | Found a staircase to the Ecumenical Temple.
  4162 | D:5      | Reached XP level 8. HP: 54/57 MP: 1/11
  4404 | D:6      | Reached skill level 10 in Fire Magic
  4511 | D:6      | Noticed Jeremiah
  4521 | D:6      | Killed Jeremiah
  4733 | D:6      | Noticed Maggie
  4793 | D:6      | Killed Maggie
  4794 | D:6      | Reached skill level 1 in Fighting
  4908 | D:6      | Reached skill level 1 in Armour
  5018 | D:6      | Reached XP level 9. HP: 67/67 MP: 9/15
  5023 | D:6      | Found a sacrificial altar of Ru.
  5159 | D:6      | Reached * piety under Cheibriados
  5176 | D:6      | Found an ancient bone altar of Kikubaaqudgha.
  5432 | D:7      | Found an ornate altar of the Wu Jian Council.
  6329 | D:8      | Reached ** piety under Cheibriados
  7079 | D:8      | Reached XP level 10. HP: 23/78 MP: 1/16
  7417 | D:8      | Found Joapt's Armour Emporium.
  8089 | D:9      | Reached *** piety under Cheibriados
  8173 | D:9      | Found a glowing golden altar of the Shining One.
  8183 | D:9      | Noticed a two-headed ogre
  8189 | D:9      | Killed a two-headed ogre
  8190 | D:9      | Reached skill level 5 in Spellcasting
  8489 | D:9      | Found an ancient bone altar of Kikubaaqudgha.
  8498 | D:9      | Reached **** piety under Cheibriados
  8500 | D:9      | Reached skill level 5 in Armour
  8616 | D:9      | Identified the ring of Noeshid {rC+ Will+ MP+9 Dex-4}
  8755 | D:9      | Found a radiant altar of Vehumet.
  8976 | D:9      | Reached skill level 5 in Fighting
  9420 | D:10     | Entered Level 10 of the Dungeon
  9425 | D:10     | Reached ***** piety under Cheibriados
  9428 | D:10     | Reached XP level 11. HP: 84/89 MP: 20/20
  9453 | D:10     | Paralysed by a hornet for 1 turns
  9624 | D:10     | Noticed a centaur warrior
  9625 | D:10     | Noticed a two-headed ogre
  9635 | D:9      | Killed a centaur warrior
 10112 | D:10     | Killed a two-headed ogre
 10113 | D:10     | Reached skill level 3 in Invocations
 10114 | D:10     | Upgraded the game from 0.32-a0-330-g213d367 to
                  | 0.32-a0-338-g4f8ebfe
 10150 | D:10     | Noticed a red ugly thing
 10150 | D:10     | Noticed a cyan ugly thing
 10161 | D:10     | Killed a cyan ugly thing
 10162 | D:10     | Reached skill level 4 in Invocations
 10164 | D:10     | Killed a red ugly thing
 10165 | D:10     | Reached skill level 5 in Invocations
 10454 | D:10     | Found a staircase to the Lair.
 10486 | D:10     | Found a sparkling altar of Nemelex Xobeh.
 10525 | D:10     | Reached skill level 6 in Invocations
 10536 | D:10     | Found a broken altar of Ashenzari.
 10796 | D:10     | Found a shimmering altar of Xom.
 10796 | D:10     | Noticed Sonja
 10835 | D:11     | Identified the +0 leather armour of Midwinter {rF+}
 10914 | D:11     | Reached skill level 7 in Invocations
 11351 | D:11     | Reached skill level 8 in Invocations
 11353 | D:11     | Reached skill level 1 in Evocations
 11394 | D:11     | Reached ****** piety under Cheibriados
 11518 | D:11     | Found a staircase to the Orcish Mines.
 11837 | D:11     | Reached skill level 9 in Invocations
 12232 | D:8      | Bought the +2 pair of boots "Jixerawn" {Str+5} for 384 gold
                  | pieces
 12406 | D:10     | Killed Sonja
 12407 | D:10     | Reached XP level 12. HP: 95/101 MP: 20/21
 12410 | D:10     | Reached skill level 10 in Invocations
 12538 | D:12     | Noticed a two-headed ogre
 12545 | D:12     | Killed a two-headed ogre
 12552 | D:12     | Noticed a centaur warrior
 12559 | D:12     | Killed a centaur warrior
 12560 | D:12     | Reached skill level 5 in Axes
 12781 | D:12     | Noticed a boulder beetle
 12794 | D:12     | Killed a boulder beetle
 13268 | D:12     | Found a transporter.
 13268 | D:12     | Noticed a vampire knight
 13268 | D:12     | Noticed Gucwul's ghost (journeyman MiFi)
 13271 | D:12     | Found a transporter.
 13971 | D:3      | Killed Crazy Yiuf
 14164 | D:5      | Killed Decysan's ghost
 14304 | Lair:1   | Entered Level 1 of the Lair of Beasts
 14422 | Lair:1   | Reached skill level 10 in Axes
 15225 | Lair:1   | Noticed a death yak
 15233 | Lair:1   | Killed a death yak
 15500 | Lair:2   | Reached XP level 13. HP: 107/107 MP: 25/25
 16709 | Lair:2   | Reached skill level 15 in Fire Magic
 16947 | Lair:2   | Found a hole to the Spider Nest.
 17127 | Lair:2   | Noticed a dire elephant
 17133 | Lair:2   | Killed a dire elephant
 17828 | Lair:3   | Found a staircase to the Shoals.
 17832 | Lair:3   | Reached XP level 14. HP: 104/115 MP: 26/26
 17995 | Lair:3   | Noticed Nergalle
 18002 | Lair:3   | Killed Nergalle
 18271 | Lair:3   | Found a runed translucent door.
 18275 | Lair:3   | Noticed Nuemoom's ghost (journeyman TrSh)
 18275 | Lair:3   | Identified the +8 spear of Blind Justice {freeze, ^Contam
                  | rF+ Will+ Dex+4}
 18870 | Lair:4   | Reached skill level 10 in Armour
 19045 | Lair:4   | Found a dark tunnel.
 19101 | Volcano  | Entered a volcano
 19159 | Volcano  | Learned a level 4 spell: Iskenderun's Mystic Blast
 19268 | Volcano  | Reached skill level 1 in Ice Magic
 19307 | Volcano  | Learned a level 3 spell: Frozen Ramparts
 20766 | Lair:5   | Entered Level 5 of the Lair of Beasts
 20811 | Lair:5   | Reached skill level 5 in Ice Magic
 21442 | Lair:5   | Reached skill level 10 in Fighting
 21729 | Lair:5   | Found a viscous altar of Jiyva.
 21732 | Lair:5   | Found a staircase to the Slime Pits.
 22773 | Lair:5   | Reached XP level 15. HP: 113/126 MP: 27/27
 23496 | Lair:5   | Paralysed by a hornet for 1 turns
 24325 | Lair:3   | Killed Nuemoom's ghost
 24585 | Orc:1    | Entered Level 1 of the Orcish Mines
 24596 | Orc:1    | Reached skill level 15 in Axes
 24609 | Orc:1    | Found a frozen archway.
 24679 | IceCv    | Entered an ice cave
 25786 | IceCv    | Noticed an azure jelly
 25792 | IceCv    | Killed an azure jelly
 25793 | IceCv    | Reached skill level 1 in Translocations
 25875 | IceCv    | Found a viscous altar of Jiyva.
 25897 | IceCv    | Got the +1 mace "Lofups Baiv" {freeze, Fly Int+5}
 26262 | Orc:2    | Entered Level 2 of the Orcish Mines
 26291 | Orc:2    | Noticed Nessos
 26517 | Orc:2    | Killed Nessos
 27110 | Orc:2    | Found a staircase to the Elven Halls.
 27359 | Orc:2    | Found Mib Jipe's Antique Armour Emporium.
 27841 | Orc:2    | Bought a pair of runed gloves for 315 gold pieces
 28346 | Orc:2    | Found Esazefe's Magic Scroll Boutique.
 28364 | Orc:2    | Found Hicyuw's Antique Armour Shop.
 28384 | Orc:2    | Found an ancient bone altar of Kikubaaqudgha.
 28461 | Orc:2    | Noticed Erolcha
 28468 | Orc:2    | Killed Erolcha
 28498 | Orc:2    | Found a radiant altar of Vehumet.
 28558 | Orc:2    | Found Quudd's Magic Scroll Boutique.
 28645 | Orc:2    | Found a roughly hewn altar of Beogh.
 28645 | Orc:2    | Found Pyshrubre's Book Boutique.
 28768 | Orc:2    | Bought an Everburning Encyclopedia for 418 gold pieces
 28786 | Orc:2    | Bought a scroll of silence for 133 gold pieces
 28786 | Orc:2    | Bought a scroll of identify for 28 gold pieces
 28797 | Orc:2    | Learned a level 8 spell: Ignition
 28812 | Orc:2    | Bought a book of Spectacle for 528 gold pieces
 28819 | Orc:2    | Learned a level 6 spell: Starburst
 28825 | Orc:2    | Learned a level 4 spell: Sticky Flame
 28855 | Orc:2    | Bought a scroll of vulnerability for 64 gold pieces
 29140 | D:13     | Found a gate leading to a gauntlet.
 29156 | Gauntlet | Entered a Gauntlet
 29156 | Gauntlet | Found a transporter.
 29163 | Gauntlet | Found a transporter.
 29166 | Gauntlet | Found a transporter.
 29167 | Gauntlet | Found a transporter.
 29175 | Gauntlet | Found a transporter.
 29178 | Gauntlet | Found a transporter.
 29179 | Gauntlet | Found a transporter.
 29190 | Gauntlet | Found a transporter.
 29191 | Gauntlet | Found a transporter.
 29195 | Gauntlet | Found a transporter.
 29200 | Gauntlet | Found a transporter.
 29202 | Gauntlet | Found a transporter.
 29203 | Gauntlet | Found a transporter.
 29207 | Gauntlet | Found a runed translucent door.
 29209 | Gauntlet | Found a runed translucent door.
 29211 | Gauntlet | Found a transporter.
 29310 | Gauntlet | Reached skill level 1 in Alchemy
 29899 | Gauntlet | Identified the +2 helmet "Zituruy" {Int+3 Dex+3}
 29928 | Gauntlet | Identified the +0 buckler of Loss {Dex+2}
 29928 | Gauntlet | Identified the ring of Ymor {Ice ^Drain rN+++ Will++
                  | Stlth-}
 30476 | D:13     | Reached XP level 16. HP: 133/134 MP: 28/28
 31903 | D:14     | Found a gate to the Vaults.
 32196 | D:14     | Found a glowing golden altar of the Shining One.
 32293 | D:15     | Entered Level 15 of the Dungeon
 32621 | D:15     | Found a staircase to the Depths.
 32794 | D:15     | Noticed Agnes
 32800 | D:15     | Killed Agnes
 32819 | D:15     | Noticed Josephine
 32829 | D:15     | Killed Josephine
 33637 | Spider:1 | Entered Level 1 of the Spider Nest
 34474 | Spider:1 | Identified the +4 whip of Nysh {elec, rPois rF+ rN+}
 35782 | Spider:2 | Noticed Louise
 35788 | Spider:2 | Killed Louise
 35985 | Spider:2 | Reached XP level 17. HP: 139/144 MP: 29/29
 37211 | Spider:2 | Noticed Arachne
 37217 | Spider:2 | Killed Arachne
 37934 | Spider:3 | Noticed Mlioglotl
 37942 | Spider:2 | Killed Mlioglotl
 38209 | Spider:3 | Reached skill level 10 in Conjurations
 39785 | Spider:3 | Identified the serpent talisman "Okoick" {rElec}
 39785 | Spider:3 | Noticed Aizul
 39790 | Spider:3 | Killed Aizul
 40057 | Spider:4 | Entered Level 4 of the Spider Nest
 40125 | Spider:4 | Learned a level 2 spell: Blink
 41276 | Spider:4 | Reached skill level 5 in Dodging
 41797 | Spider:4 | Reached skill level 11 in Invocations
 41970 | Spider:4 | Reached skill level 12 in Invocations
 42086 | Spider:4 | Reached XP level 18. HP: 106/154 MP: 10/30
 42289 | Spider:4 | Reached skill level 5 in Evocations
 42690 | Spider:4 | Got a gossamer rune of Zot
 43015 | D:12     | Killed Gucwul's ghost
 43429 | Shoals:1 | Entered Level 1 of the Shoals
 43432 | Shoals:1 | Reached skill level 1 in Shields
 43509 | Shoals:1 | Noticed Donald
 43611 | Shoals:1 | Killed Donald
 44118 | Shoals:1 | Noticed Jorgrun
 44124 | Shoals:1 | Killed Jorgrun
 44776 | Shoals:2 | Noticed Frances
 44778 | Shoals:2 | Reached skill level 5 in Shields
 44785 | Shoals:2 | Killed Frances
 46980 | Shoals:3 | Found Fev Doyw's Self-Improvement Boutique.
 47008 | Shoals:3 | Bought a manual of Shields for 1600 gold pieces
 47454 | Shoals:4 | Entered Level 4 of the Shoals
 47755 | Shoals:4 | Reached skill level 10 in Shields
 48013 | Shoals:4 | Paralysed by a formless jellyfish for 1 turns
 48206 | Shoals:4 | Got a barnacled rune of Zot
 48773 | Shoals:4 | Reached XP level 19. HP: 160/160 MP: 31/31
 49084 | Shoals:4 | Identified the +9 spear of the Endless Expanse {flame,
                  | Int+3 Dex-4 SInv}
 49596 | Vaults:1 | Entered Level 1 of the Vaults
 49692 | Vaults:1 | Found a crumbling gateway.
 49700 | Vaults:1 | Found a glowing golden altar of the Shining One.
 49700 | Vaults:1 | Found a glowing silver altar of Zin.
 49700 | Vaults:1 | Found a white marble altar of Elyvilon.
 49781 | Desolati | Entered the Desolation of Salt
 49787 | Desolati | Reached skill level 15 in Shields
 50393 | Desolati | Identified the +1 dagger of Duxu {flame, rN+}
 50395 | Desolati | Identified the amulet of Wikhluah {Spirit rC- rCorr Str-5
                  | Dex+9}
 50570 | Desolati | Identified the staff of Quet {rC+ rCorr Ice}
 50782 | Desolati | Got the Lectures on the Sarcophagus and Ignition
 51047 | Desolati | Identified the amulet of Puinuw Kavu {-Cast rElec rC+++
                  | Regen+ Int-4}
 51051 | Desolati | Found the +0 pair of fencer's gloves {Riposte Dex+3}
 51122 | Desolati | Identified the ring "Haafos" {^Contam rPois Str+3 Int+6
                  | Dex+6}
 51593 | Desolati | Reached skill level 10 in Spellcasting
 51690 | Desolati | Got Vurphizopt's Octavo of Places
 51692 | Desolati | Got Sif Muna's Volume of the Hyletic Iceberg
 51854 | Desolati | Identified the +6 spear of a Billion Geomancers {drain,
                  | rPois rCorr Str+2}
 53799 | Vaults:1 | You are sucked into a shaft and drop 1 floor!
 54346 | Vaults:2 | Reached XP level 20. HP: 172/174 MP: 4/34
 55438 | Vaults:2 | Noticed Saint Roka
 55454 | Vaults:2 | Killed Saint Roka
 55823 | Vaults:2 | Found a staircase to the Crypt.
 55823 | Vaults:2 | Found a basalt altar of Yredelemnul.
 55824 | Vaults:2 | Found an ancient bone altar of Kikubaaqudgha.
 55877 | Vaults:2 | Identified the blade talisman of Vanity {Int+3}
 56683 | Vaults:3 | Reached skill level 15 in Fighting
 57240 | Vaults:3 | Reached XP level 21. HP: 187/187 MP: 35/35
 57271 | Vaults:3 | Found Olololuxt's Assorted Antiques.
 59363 | Vaults:4 | Learned a level 2 spell: Sublimation of Blood
 59498 | Vaults:4 | Reached skill level 1 in Necromancy
 59805 | Vaults:4 | Identified the +2 flail of the Freezing Oracle {flame,
                  | *Slow rF- rC+ Int+3}
 59964 | Vaults:4 | Found the +8 trident of the Octopus King {venom, rElec
                  | rPois}
 60011 | Vaults:4 | Found a transporter.
 60012 | Vaults:4 | Noticed a golden dragon
 60030 | Vaults:4 | Found a transporter.
 60465 | Vaults:4 | Killed a golden dragon
 60466 | Vaults:4 | Reached XP level 22. HP: 147/195 MP: 10/38
 60629 | Vaults:4 | Identified the +2 helmet "Nuejisep" {-Tele rCorr MP+9 SInv}
 60649 | Vaults:4 | Identified the +2 robe of Tender Moments {Harm rPois Dex-2
                  | Archmagi}
 60749 | Vaults:5 | Entered Level 5 of the Vaults
 60751 | Vaults:5 | Reached skill level 15 in Armour
 61126 | Vaults:5 | Identified the +1 robe "Kuutwepp" {rN+ Regen+}
 61147 | Vaults:5 | Noticed an ancient lich
 61159 | Vaults:5 | Killed an ancient lich
 61291 | Vaults:5 | Identified the +1 plate armour of Hedonism {rF+ Will+
                  | rCorr}
 61797 | Vaults:5 | Identified the amulet "Uzaot" {*Slow rN+ Regen+ MP+9 Dex+3}
 61867 | Vaults:5 | Identified the +0 plate armour "Damnable Contraption"
                  | {Harm}
 61941 | Vaults:5 | Got a silver rune of Zot
 62236 | Vaults:5 | Noticed an ancient lich
 62252 | Vaults:5 | Killed an ancient lich
 62261 | Vaults:5 | Identified a scroll of acquirement
 62285 | Vaults:5 | Identified the +0 ring mail "Rarphapho" {Stlth+}
 62290 | Vaults:5 | Acquired 948 gold pieces
 62409 | Vaults:5 | Noticed a dread lich
 62416 | Vaults:5 | Reached XP level 23. HP: 179/200 MP: 15/39
 62420 | Vaults:5 | Killed a dread lich
 62733 | Vaults:5 | Identified the +1 troll leather armour of Keifec {Harm
                  | ^Drain rC++ Regen+ MP-9}
 63283 | Elf:1    | Entered Level 1 of the Elven Halls
 63302 | Elf:1    | Learned a level 5 spell: Irradiate
 63513 | Elf:1    | Paralysed by an air elemental for 1 turns
 63794 | Elf:1    | Found a radiant altar of Vehumet.
 64440 | Elf:2    | Found an ancient bone altar of Kikubaaqudgha.
 64516 | Elf:2    | Found a runed translucent gate.
 64516 | Elf:2    | Found a runed translucent gate.
 64516 | Elf:2    | Found a runed translucent gate.
 64597 | Elf:2    | Found Ladusch Reitt's Antique Armour Shoppe.
 64611 | Elf:2    | Got the Enchiridion on Fuming Stolen Souls
 64746 | Elf:2    | Found an ancient bone altar of Kikubaaqudgha.
 64804 | Elf:2    | Paralysed by an air elemental for 1 turns
 64978 | Elf:2    | Found Meot's Book Emporium.
 64985 | Elf:2    | Learned a level 3 spell: Passwall
 65035 | Elf:2    | Found Xidih's Antique Weapon Shop.
 65037 | Elf:2    | Reached skill level 1 in Earth Magic
 65296 | Elf:2    | Identified the +0 ring mail of the Shoals {rF+}
 65383 | Elf:3    | Entered Level 3 of the Elven Halls
 65574 | Elf:3    | Found Atoim's Distillery.
 65574 | Elf:3    | Found Huelec's Assorted Antiques.
 65575 | Elf:3    | Found Cohak's Antique Armour Shop.
 65579 | Elf:3    | Found Geodo's Antique Armour Boutique.
 66454 | Elf:3    | Identified the +2 war axe of Uskayaw, Fortifying {freeze,
                  | ^Fragile Int+2 Dex+8}
 66643 | Elf:3    | Identified the +5 spear of the Vestibule of Hell {speed,
                  | ^Contam rPois rN++ MP+9}
 66701 | Elf:3    | Reached skill level 5 in Necromancy
 66701 | Elf:3    | Reached skill level 5 in Earth Magic
 66832 | Elf:3    | Identified the +3 quarterstaff of Ikhus {vamp, Dex+3}
 66836 | Elf:3    | Reached skill level 5 in Alchemy
 66863 | Elf:3    | Reached skill level 5 in Translocations
 66883 | Elf:3    | Identified the ring "Zalukug" {rC+ rN+ AC+4 Stlth-}
 67002 | Elf:3    | Identified the +3 plate armour of Aceet {rC+}
 67002 | Elf:3    | Found the +10 Black Knight's barding {ponderous, rPois rN+}
 67046 | Elf:3    | Got the Directory of Voltage
 67054 | Elf:3    | Identified the +2 dagger "Sossapnu" {speed, rElec}
 67134 | Elf:3    | Learned a level 4 spell: Olgreb's Toxic Radiance
 67139 | Elf:3    | Learned a level 4 spell: Ignite Poison
 67284 | Orc:2    | Bought a book of Power for 462 gold pieces
 67475 | D:15     | Learned a level 6 spell: Bombard
 67609 | Crypt:1  | Entered Level 1 of the Crypt
 69112 | Crypt:3  | Entered Level 3 of the Crypt
 69216 | Crypt:3  | Reached XP level 24. HP: 209/210 MP: 39/39
 69387 | Crypt:3  | Reached skill level 15 in Conjurations
 69657 | Crypt:3  | Found a staircase to the Tomb.
 69691 | Crypt:3  | Identified the +1 robe "Nulataf" {Regen+ rCorr}
 69801 | Crypt:3  | Got Uraeffo's Compilation of Sizzling Voltage
 69831 | Crypt:3  | Identified the +2 cloak "Echalush" {+Inv rN+ Int-5}
 70009 | Crypt:3  | Found the +7 mace of Variability {chaos, chaos arc}
 70234 | Crypt:3  | Found an ancient bone altar of Kikubaaqudgha.
 70247 | Crypt:3  | Noticed a dread lich
 70782 | Crypt:3  | Identified the staff "Wojaxt" {Str+5 Dex-4 Summ Earth}
 70782 | Crypt:3  | Identified the death talisman "Wywn" {Str+5 Int+3}
 71063 | Crypt:3  | Killed a dread lich
 71065 | Crypt:3  | Noticed an ancient lich
 71069 | Crypt:3  | Killed an ancient lich
 71115 | Crypt:3  | Identified the +1 mace of Onkosmied {holy, rElec rCorr
                  | SInv}
 71138 | Crypt:3  | Got the Octavo of Battling
 71588 | Slime:1  | Entered Level 1 of the Pits of Slime
 71603 | Slime:2  | Gained mutation: You are frail. (-10% HP) [a shining eye]
 71670 | Slime:5  | Entered Level 5 of the Pits of Slime
 71705 | Slime:5  | Gained mutation: Your magical capacity is low. (-10% MP) [a
                  | shining eye]
 71706 | Slime:5  | Gained mutation: You are clumsy. (Dex -2) [a shining eye]
 71823 | Slime:5  | Noticed the Royal Jelly
 71830 | Slime:5  | Killed the Royal Jelly
 71982 | Slime:5  | Learned a level 1 spell: Apportation
 71989 | Slime:5  | Identified the +5 eveningstar "Maucvi" {spect, *Slow rPois
                  | rF+ Int+5}
 71996 | Slime:5  | Got Tunuig Qamu's Incunable of Enthralling Exhalation
 72019 | Slime:5  | Identified the staff of Optimality {rF+ Will++ Fire}
 72020 | Slime:5  | Identified the +4 scale mail of the Shore {+Inv Will+
                  | rCorr}
 72028 | Slime:5  | Got a starry gem with 53 turns to spare
 72042 | Slime:5  | Got a slimy rune of Zot
 72058 | Slime:5  | Identified the staff of Domination {rElec SInv Air}
 72059 | Slime:5  | Identified the +3 rapier "Ylleil" {flame, +Blink Str+4}
 72066 | Slime:5  | Lost the starry gem through the power of Zot.
 72146 | Lair:5   | Lost mutation: Your magical capacity is low. (-10% MP)
                  | [potion of mutation]
 72146 | Lair:5   | Lost mutation: You are frail. (-10% HP) [potion of
                  | mutation]
 72146 | Lair:5   | Lost mutation: You are clumsy. (Dex -2) [potion of
                  | mutation]
 72146 | Lair:5   | Gained mutation: You have supernaturally acute eyesight.
                  | (SInv) [potion of mutation]
 72146 | Lair:5   | Gained mutation: You possess an exceptional clarity of
                  | mind. [potion of mutation]
 72230 | Shoals:3 | Bought a manual of Throwing for 1600 gold pieces
 72448 | Depths:1 | Entered Level 1 of the Depths
 72456 | Depths:1 | Reached skill level 1 in Throwing
 72557 | Depths:1 | Found Duivedgh's Assorted Antiques.
 72718 | Depths:1 | Found Posuth's Antique Weapon Shoppe.
 72929 | Depths:1 | Noticed Sojobo
 72932 | Depths:1 | Paralysed by an air elemental for 1 turns
 72939 | Depths:1 | Killed Sojobo
 72940 | Depths:1 | Reached skill level 5 in Throwing
 73095 | Depths:1 | Found a runed translucent door.
 73135 | Depths:1 | Found Oxyshrej's Magic Scroll Boutique.
 73544 | Depths:1 | Found a gateway to Hell.
 73647 | Depths:1 | Paralysed by an air elemental for 1 turns
 73803 | Depths:1 | Identified the staff of Gloom {+Blink rElec rF++ Str-3 Ice
                  | Air}
 73884 | Depths:2 | Found a one-way gateway to a ziggurat.
 74053 | Depths:2 | You are sucked into a shaft and drop 2 floors!
 74053 | Depths:4 | Entered Level 4 of the Depths
 74290 | Depths:2 | Reached XP level 25. HP: 211/216 MP: 39/39
 74634 | Depths:2 | Found a one-way gate leading to the halls of Pandemonium.
 74806 | Depths:2 | Found a one-way gate to the infinite horrors of the Abyss.
 74910 | Depths:2 | Reached XP level 26. HP: 224/224 MP: 39/39
 75383 | Depths:3 | Acquired 648 gold pieces
 75486 | Depths:3 | Identified the orb "Lifiumit" {*channel, Regen+ Hexes}
 75486 | Depths:3 | Noticed Frederick
 75497 | Depths:3 | Killed Frederick
 75875 | Depths:3 | Identified the +7 demon blade of Defilement {pain, rF+}
 76486 | Depths:3 | Upgraded the game from 0.32-a0-338-g4f8ebfe to
                  | 0.32-a0-350-g4f4d228
 76538 | Depths:3 | Identified the +0 pair of boots of Qoawk {MP+9}
 76549 | Depths:3 | Got the Anthology of Entranced Conjury
 76564 | Depths:3 | Found a shimmering blue altar of Sif Muna.
 76692 | Depths:3 | Identified the staff of Honour {^Fragile rC+ Int+7 Ice}
 76695 | Depths:3 | Identified the -1 pair of boots "Ratil" {rElec rF+ rC-
                  | Stlth+}
 76729 | Depths:3 | Noticed a dread lich
 76732 | Depths:3 | Noticed an ancient lich
 76733 | Depths:3 | Killed a dread lich
 76742 | Depths:3 | Killed an ancient lich
 76821 | Depths:3 | Got the Volume of Adjuration
 77364 | Depths:4 | Found a gate to the Realm of Zot.
 78110 | Elf:3    | Bought a potion of enlightenment for 75 gold pieces
 78110 | Elf:3    | Bought a potion of mutation for 120 gold pieces
 78110 | Elf:3    | Bought a potion of mutation for 120 gold pieces
 78110 | Elf:3    | Bought a potion of curing for 45 gold pieces
 78110 | Elf:3    | Bought a potion of curing for 45 gold pieces
 78110 | Elf:3    | Bought a potion of brilliance for 60 gold pieces
 78116 | Elf:3    | Bought a potion of curing for 120 gold pieces
 78505 | Vaults:3 | Bought 2 potions of curing for 300 gold pieces
 78505 | Vaults:3 | Bought a scroll of blinking for 375 gold pieces
 78505 | Vaults:3 | Bought a scroll of enchant weapon for 375 gold pieces
 78505 | Vaults:3 | Bought a scroll of fear for 200 gold pieces
 78716 | Depths:1 | Bought a scroll of silence for 133 gold pieces
 78716 | Depths:1 | Bought 3 scrolls of enchant weapon for 315 gold pieces
 78757 | Depths:1 | Bought a scroll of fear for 112 gold pieces
 78757 | Depths:1 | Bought a potion of resistance for 280 gold pieces
 78757 | Depths:1 | Bought a potion of curing for 84 gold pieces
 78770 | Depths:1 | Learned a level 9 spell: Fire Storm
 78818 | Zig:1    | Entered Level 1 of a ziggurat
 78848 | Zig:2    | Entered Level 2 of a ziggurat
 78890 | Zig:2    | Identified the +4 spear of Woe {pain, rC+ Int+4 Stlth+}
 78900 | Zig:3    | Entered Level 3 of a ziggurat
 78903 | Zig:3    | Noticed a dread lich
 78908 | Zig:3    | Killed a dread lich
 78944 | Zig:4    | Entered Level 4 of a ziggurat
 78991 | Zig:4    | Got the Dissertation on Puissant Bringing Forth
 78995 | Zig:5    | Entered Level 5 of a ziggurat
 79097 | Zig:5    | Identified the +8 dagger of the Pit {venom, rF- Str+3
                  | Int+2}
 79100 | Zig:6    | Entered Level 6 of a ziggurat
 79104 | Zig:6    | Noticed a royal mummy
 79113 | Zig:6    | Killed a royal mummy
 79219 | Zig:6    | Identified the +5 long sword of the Hurting Bear {elec,
                  | rElec}
 79221 | Zig:6    | Got the Guidebook on Unholy Deeds and Earth
 79228 | Zig:7    | Entered Level 7 of a ziggurat
 79271 | Zig:7    | Identified the +6 orcbow of Puvim {flame, Stlth+}
 79275 | Zig:8    | Entered Level 8 of a ziggurat
 79367 | Zig:8    | Acquired 614 gold pieces
 79369 | Zig:8    | Identified the ring "Tail" {rElec rC- Will+ Str+4 Slay+4}
 79378 | Zig:8    | Identified the +9 executioner's axe of Victory {drain,
                  | rElec Int+6}
 79380 | Zig:8    | Identified the ring of Descent {+Blink Fly Int+3 Stlth+}
 79398 | Zig:9    | Entered Level 9 of a ziggurat
 79482 | Zig:9    | Identified the granite talisman "Plog" {rN+ Str+5 Int-2}
 79486 | Zig:9    | Identified the +1 halberd "Ultimatum" {flame, *Slow rF+ rC+
                  | Int+2}
 79510 | Zig:10   | Entered Level 10 of a ziggurat
 79562 | Zig:10   | Got the Tome of Glowing Stolen Souls
 79591 | Zig:11   | Entered Level 11 of a ziggurat
 79603 | Zig:11   | Noticed a dread lich
 79604 | Zig:11   | Reached XP level 27. HP: 210/231 MP: 41/41
 79605 | Zig:11   | Killed a dread lich
 79607 | Zig:11   | Noticed a dread lich
 79607 | Zig:11   | Found the dreamshard necklace {Acrobat *Dream}
 79609 | Zig:11   | Killed a dread lich
 79671 | Zig:11   | Identified the +3 morningstar of Abadorat {heavy, rElec rN+
                  | Int-5}
 79728 | Zig:12   | Entered Level 12 of a ziggurat
 79739 | Zig:12   | Noticed Duenem the pandemonium lord
 79748 | Zig:12   | Killed Duenem the pandemonium lord
 79911 | Zig:12   | Identified the +9 falchion of Chagrin {spect, rPois Str+2}
 79915 | Zig:12   | Identified the ring of Inaurig {rPois Str+6}
 79917 | Zig:12   | Identified the +8 hand axe of Zauci {venom, rC+ MP+9}
 80011 | Depths:2 | Voluntarily entered the Abyss.
 80171 | Abyss:1  | Found a sacrificial altar of Ru.
 80309 | Abyss:1  | Learned a level 3 spell: Passwall
 80388 | Abyss:1  | Paralysed by accursed screaming for 1 turns
 80452 | Abyss:1  | Gained mutation: Armour fits poorly on your strangely
                  | shaped body. [a cacodemon]
 80460 | Abyss:1  | Gained mutation: You occasionally shout uncontrollably at
                  | your foes. [a cacodemon]
 80561 | Depths:2 | Escaped the Abyss
 80601 | Depths:2 | Voluntarily entered the Abyss.
 80627 | Abyss:3  | Found a corrupted altar of Lugonu.
 80741 | Abyss:3  | Reached skill level 13 in Invocations
 80775 | Abyss:3  | Got an abyssal rune of Zot
 80811 | Abyss:3  | Gained mutation: You occasionally lose the ability to drink
                  | potions when taking damage. [a neqoxec]
 80851 | Depths:2 | Escaped the Abyss
 80853 | Depths:2 | Lost mutation: Armour fits poorly on your strangely shaped
                  | body. [potion of mutation]
 80853 | Depths:2 | Lost mutation: You occasionally shout uncontrollably at
                  | your foes. [potion of mutation]
 80853 | Depths:2 | Lost mutation: You possess an exceptional clarity of mind.
                  | [potion of mutation]
 80853 | Depths:2 | Gained mutation: You occasionally shout uncontrollably at
                  | your foes. [potion of mutation]
 80853 | Depths:2 | Gained mutation: You are weak. (Str -2) [potion of
                  | mutation]
 80854 | Depths:2 | Lost mutation: You occasionally lose the ability to drink
                  | potions when taking damage. [potion of mutation]
 80854 | Depths:2 | Lost mutation: You are weak. (Str -2) [potion of mutation]
 80854 | Depths:2 | Lost mutation: You occasionally shout uncontrollably at
                  | your foes. [potion of mutation]
 80854 | Depths:2 | Gained mutation: You occasionally lose the ability to read
                  | scrolls when taking damage. [potion of mutation]
 80854 | Depths:2 | Gained mutation: Your system is resistant to poisons.
                  | (rPois) [potion of mutation]
 80855 | Depths:2 | Lost mutation: Your system is resistant to poisons. (rPois)
                  | [potion of mutation]
 80855 | Depths:2 | Lost mutation: You occasionally lose the ability to read
                  | scrolls when taking damage. [potion of mutation]
 80855 | Depths:2 | Gained mutation: Your mind is acute. (Int +4, Str/Dex -1)
                  | [potion of mutation]
 80855 | Depths:2 | Gained mutation: You are somewhat resistant to further
                  | mutation. [potion of mutation]
 80855 | Depths:2 | Gained mutation: You are partially covered in iridescent
                  | scales. (AC +2) [potion of mutation]
 80924 | Zot:1    | Entered Level 1 of the Realm of Zot
 80941 | Zot:1    | Reached skill level 15 in Spellcasting
 80999 | Hell     | Entered the Vestibule of Hell
 80999 | Hell     | Noticed Geryon
 81199 | Hell     | Reached skill level 14 in Invocations
 81422 | Hell     | Reached skill level 15 in Invocations
 81563 | Hell     | Killed Geryon
 81908 | Hell     | Reached skill level 16 in Invocations
 82410 | Hell     | Found a gateway to the freezing wastes of Cocytus.
 82510 | Hell     | Reached skill level 17 in Invocations
 82767 | Hell     | Found a gateway to the decaying netherworld of Tartarus.
 82908 | Hell     | Found a gateway to the ashen valley of Gehenna.
 82976 | Hell     | Found a gateway to the Iron City of Dis.
 83349 | Zot:1    | Reached skill level 18 in Invocations
 83801 | Zot:1    | Reached skill level 19 in Invocations
 84280 | Zot:1    | Reached skill level 20 in Invocations
 84473 | Zot:1    | Found a stormy altar of Qazlal.
 85197 | Zot:2    | Identified the +0 leather armour "Janolane" {rC+}
 85211 | Zot:2    | Reached skill level 21 in Invocations
 85851 | Zot:2    | Reached skill level 22 in Invocations
 86542 | Zot:3    | Reached skill level 23 in Invocations
 87042 | Zot:3    | Reached skill level 24 in Invocations
 87534 | Zot:4    | Found the +4 dragonskin cloak
 87534 | Zot:4    | Noticed Tiamat
 87546 | Zot:4    | Killed Tiamat
 87547 | Zot:4    | Reached skill level 25 in Invocations
 87888 | Zot:4    | Identified the +8 chain mail of Goofai {Str+3}
 88204 | Zot:4    | Noticed an orb of fire
 88208 | Zot:4    | Killed an orb of fire
 88286 | Zot:4    | Reached skill level 26 in Invocations
 88830 | Zot:4    | Found a shadowy altar of Dithmenos.
 89028 | Zot:5    | Entered Level 5 of the Realm of Zot
 89060 | Zot:5    | Noticed an orb of fire
 89067 | Zot:5    | Killed an orb of fire
 89336 | Zot:5    | Reached skill level 27 in Invocations
 90238 | Zot:5    | Noticed a dread lich
 90245 | Zot:5    | Killed a dread lich
 90465 | Zot:5    | Noticed an ancient lich
 90469 | Zot:5    | Killed an ancient lich
 90581 | Zot:5    | Noticed an orb of fire
 90593 | Zot:5    | Killed an orb of fire
 90796 | Zot:5    | Noticed an orb of fire
 90804 | Zot:5    | Killed an orb of fire
 91490 | Zot:5    | Noticed an orb of fire
 91493 | Zot:5    | Noticed an orb of fire
 91495 | Zot:5    | Killed an orb of fire
 91497 | Zot:5    | Killed an orb of fire
 92037 | Zot:5    | Got the Orb of Zot
 92664 | D:$      | Escaped with the Orb!

Illustrated notes

Levels and vault maps discovered:
D:1:      saegor_arrival_simple_e, layout_basic, item_on_display_b
D:2:      layout_rooms, shapermc_ecumenical_altar_hornbeckon, uniq_jessica
D:3:      layout_loops_ring, okawaru_ov_weapons_minmay, lightli_temple_of_fire,
          uniq_crazy_yiuf_cottage, uniq_natasha
D:4:      layout_rooms, amcnicky_altar_gilded,
          mainiacjoe_overflow_concentric_impassable, serial_glass,
          glass_columns_a, glass_columns_a, glass_columns_c, glass_columns_b,
          glass_columns_a, glass_columns_a
D:5:      layout_cave_pools, mainiacjoe_overflow_six_doors_small,
          mainiacjoe_overflow_small_starburst, minmay_temple_entry_poolview,
          gammafunk_ghost_arena
D:6:      layout_cave_pools, lemuel_round_altar, kennysheep_vampire_church,
          uniq_jeremiah, uniq_maggie
D:7:      layout_basic, mainiacjoe_overflow_brackets
D:8:      layout_loops_ring, kennysheep_diamond, lemuel_flamethrower_2
D:9:      layout_irregular_city, mainiacjoe_overflow_tiny_flanked,
          mainiacjoe_overflow_24_doors, roadster_capsule_ark_zombie
D:10:     cheibrodos_fzero, layout_cave_pools, regret_index_xom_of_box,
          marbit_many_paths, nemelex_diamond_rough_becter, lair_entry_dummy,
          hangedman_decor_points, uniq_sonja
D:11:     layout_loops_ring, hiddenorc1_lemuel
D:12:     layout_stronghold, gammafunk_ghost_mausoleum
D:13:     layout_gridville, gauntlet_entry_generic, minmay_shattered_shrine
D:14:     layout_cave_pools, skrybe_vaults_entry_preservation,
          nicolae_tso_swordbearing_angel
D:15:     gammafunk_depths_entry_grave, layout_irregular_city,
          serial_bayou_ford_a, minmay_between, uniq_agnes, uniq_josephine
Lair:1:   layout_chaotic_city, wad_woods_road_03, wad_woods_06
Lair:2:   layout_regular_city, nicolae_spider_entry_lesser_pyramids,
          nicolae_lair_lakeside_cave, lemuel_fruit_tree
Lair:3:   dragon1_lemuel, layout_chaotic_city, nicolae_shoals_entry_roost,
          ebering_ghost_funeral_grove, grunt_megastairs_1, lemuel_fruit_fields,
          uniq_nergalle
Lair:4:   layout_roguey, nicolae_volcano_entry_hallway,
          pdpol_lair_neglected_garden
Lair:5:   wormcave, layout_regular_city, hangedman_lair_caniforms_friends,
          nicolae_slime_entry_slimehenge
Shoals:1: layout_shoals, uniq_donald, uniq_jorgrun
Shoals:2: layout_shoals, uniq_frances
Shoals:3: layout_shoals, nicolae_shop_self_help
Shoals:4: shoals_end_grunt_ice, layout_shoals, nicolae_shoals_drake_roost
Spider:1: layout_spider_delve
Spider:2: layout_spider_delve, drop_trap, hangedman_spider_mandibles,
          nicolae_spider_rock_and_or_roll, uniq_arachne, uniq_louise
Spider:3: layout_spider_delve, hive_lemuel, uniq_mlioglotl, uniq_aizul
Spider:4: grunt_spider_rune_circles
Slime:1:  layout_caves
Slime:2:  layout_caves, cheibrodos_slime_lost_civilization_4
Slime:3:  layout_caves
Slime:4:  cheibrodos_slime_lost_civilization_3, layout_caves
Slime:5:  slime_pit
Orc:1:    layout_diamond_mine, portal_ice_cave_entry_ice_simulacra
Orc:2:    kennysheep_orc_mage_school, layout_caves, serial_shops,
          nicolae_shop_hallway_stairs, special_room, roderic_batcave,
          uniq_nessos
Elf:1:    layout_loops_cross, evilmike_minifort, david_defended_altar_elf
Elf:2:    nicolae_elf_blades_splatter_lattice [nicolae_blade_entry_antechamber],
          layout_gridlike, serial_shops, shop, shop,
          nicolae_shop_real_fake_doors, minivault_15, hangedman_feature_mirror,
          uniq_asterion
Elf:3:    minmay_elf_hall_statues, layout_loops_ring, minmay_shoptagon
Vaults:1: portal_desolation_entry_holy_temple, nicolae_vaults_surprise_closet,
          ontoclasm_vaults_gateway, nicolae_vaults_house_3,
          nicolae_vaults_alarming, v_misc_19, nicolae_vaults_lightning_bolt,
          vaults_room_semicircle, nicolae_vaults_six-pack,
          nicolae_vaults_specimen_jars, nicolae_vaults_asterisk,
          layout_vaults_chaotic_city
Vaults:2: minmay_crypt_entry_necro_gods, nicolae_vaults_frosty_reception,
          nicolae_vaults_more_shelving_2, nicolae_vaults_wine_cellar,
          grunt_vaults_swirl, nicolae_vaults_door_testing_chamber,
          nicolae_vaults_storage_closets_3, layout_vaults_quadrants,
          uniq_saint_roka
Vaults:3: vaults_room_stairs_pillars, nicolae_vaults_diffraction_hallways,
          nicolae_vaults_oval_intersection, ontoclasm_vaults_shuriken,
          nicolae_vaults_network_periphery, nicolae_vaults_turnstiles,
          vaults_dpeg_encased_lava, v_alt_pattern_5,
          nicolae_vaults_oval_intersection, vaults_dpeg_ring,
          hangedman_vaults_stretched_pinwheel, nicolae_vaults_little_squares_5,
          v_misc_27, layout_vaults_ring, serial_shops, shop
Vaults:4: vaults_room_fours, nicolae_vaults_three_branches, v_misc_23,
          nicolae_vaults_storage_closets_2, nicolae_vaults_circle_grid_a,
          nicolae_vaults_weapon_check, nicolae_vaults_sealed_display,
          v_pattern_1, nicolae_vaults_offset_grid_hallway_1,
          gammafunk_the_bubble [the_bubble_gammafunk_plus_minus],
          nicolae_vaults_angled_halls, nicolae_vaults_trapezoid_3, v_misc_13,
          nicolae_vaults_tetromino_T_2, ontoclasm_vaults_hangar,
          vaults_room_pool, nicolae_vaults_storage_room_water,
          layout_vaults_omnibox
Vaults:5
Crypt:1:  layout_misc_corridors
Crypt:2:  layout_chaotic_city
Crypt:3:  quadcrypt_mu
Depths:1: layout_twisted_cross, pf_hell_entry_great_geh, nrook_mini_vaults,
          serial_shops, shop, nicolae_lakefront_shop, shop,
          nicolae_concentric_dashed_squares_mild, minivault_16,
          chequers_serial_rivers_micro_b, hangedman_aerie_drop, uniq_sojobo
Depths:2: dreamdust_experimentation, layout_honeycomb, enter_ziggurat_c,
          nicolae_kite_square_tiling_tiny, pan_entry, pf_coc_iceberg,
          minmay_room_of_horrors, feat_on_display, firewood_loft
Depths:3: evilmike_library_of_no_secrets, layout_honeycomb,
          minmay_crystal_water, abyss_entry_crystal, hellmouth_1,
          rand_demon_pan_entry_1, minmay_staircase_bubble, uniq_frederick
Depths:4: grunt_twist_and_shout, layout_gridville, grunt_hell_entry_dis_mu
Hell
Zot:1:    nicolae_zot_draconian_monastery, layout_onion, skrybe_zot_glass_1
Zot:2:    layout_basic
Zot:3:    layout_cathedral_of_symmetry, hangedman_zot_gyre
Zot:4:    layout_basic, regret_index_zotdec_iron_s, uniq_josephina, uniq_tiamat
Zot:5:    layout_misc_corridors, grunt_ministairs_8

Skill      XL: |  1  2  3  4  5  6  7  8  9 10 11 12 13 14 15 16 17 18 19 20 21 22 23 24 25 26 27 |
---------------+----------------------------------------------------------------------------------+-----
Conjurations   | 1 2 5 6 7 8 10 12 14 16 17 18 20 | 20.0
Spellcasting   | 2 4 6 8 10 12 14 15 | 15.0
Fire Magic     | 4 6 7 8 9 10 12 17 20 22 24 26 | 26.0
Stealth        | 2 |  2.0
Dodging        | 2 5 6 8 |  8.0
Fighting       | 2 4 6 8 10 11 12 14 15 16 21 | 21.6
Armour         | 2 4 6 8 10 12 13 14 16 | 16.0
Invocations    | 9 10 12 27 | 27.0
Evocations     | 2 4 8 |  8.0
Axes           | 10 12 16 17 18 | 18.0
Ice Magic      | 5 |  5.0
Translocations | 4 5 |  5.0
Alchemy        | 2 5 |  5.0
Shields        | 14 16 | 16.0
Necromancy     | 2 4 5 |  5.0
Earth Magic    | 8 |  8.0
Throwing       | 8 |  8.0

Action                     |  1- 3 |  4- 6 |  7- 9 | 10-12 | 13-15 | 16-18 | 19-21 | 22-24 | 25-27 || total
---------------------------+-------+-------+-------+-------+-------+-------+-------+-------+-------++-------
  Melee: Unarmed           |    32 |       |       |       |       |       |       |       |       ||    32
         Dagger            |       |    23 |     1 |       |       |       |       |       |       ||    24
         Trident           |       |       |    29 |    53 |       |       |       |   109 |       ||   191
         War axe           |       |       |       |     1 |   190 |       |       |       |       ||   191
         Flail             |       |       |       |       |    49 |       |       |       |       ||    49
         Mace              |       |       |       |       |    24 |   145 |   119 |    44 |    47 ||   379
         Broad axe         |       |       |       |       |    18 |    58 |   138 |   426 |   144 ||   784
  Throw: Dart              |       |       |       |     3 |     6 |     3 |     1 |       |       ||    13
         Boomerang         |       |       |       |       |     2 |     1 |     5 |     1 |       ||     9
         Javelin           |       |       |       |       |     2 |       |       |       |       ||     2
   Cast: Foxfire           |    42 |    49 |   117 |   135 |   298 |       |       |       |       ||   641
         Scorch            |     2 |    32 |    78 |   184 |   481 |     1 |       |       |       ||   778
         Flame Wave        |       |       |     4 |    45 |    84 |       |       |       |       ||   133
         Frozen Ramparts   |       |       |       |       |    30 |     8 |       |     1 |       ||    39
         Iskenderun's Myst |       |       |       |       |     7 |     3 |       |     1 |     8 ||    19
         Starburst         |       |       |       |       |    36 |   402 |   287 |   285 |   272 ||  1282
         Ignition          |       |       |       |       |     1 |    28 |    44 |    71 |    92 ||   236
         Sticky Flame      |       |       |       |       |       |   126 |       |       |       ||   126
         Sublimation of Bl |       |       |       |       |       |       |     8 |   200 |   358 ||   566
         Irradiate         |       |       |       |       |       |       |       |    32 |    28 ||    60
         Bombard           |       |       |       |       |       |       |       |    50 |   285 ||   335
         Apportation       |       |       |       |       |       |       |       |    44 |     7 ||    51
         Ignite Poison     |       |       |       |       |       |       |       |     3 |       ||     3
         Olgreb's Toxic Ra |       |       |       |       |       |       |       |     3 |       ||     3
         Blink             |       |       |       |       |       |       |       |     1 |       ||     1
         Fire Storm        |       |       |       |       |       |       |       |       |   129 ||   129
         Passwall          |       |       |       |       |       |       |       |       |     1 ||     1
 Invoke: Slouch            |       |       |       |       |     8 |       |       |       |       ||     8
         Step From Time    |       |       |       |       |     1 |       |       |       |       ||     1
  Evoke: Wand              |       |       |     3 |     3 |    13 |    11 |     2 |     8 |     4 ||    44
         Sack of spiders   |       |       |       |       |       |       |       |     1 |       ||     1
         Phial of floods   |       |       |       |       |       |       |       |       |     1 ||     1
    Use: Potion            |       |       |     1 |       |       |     7 |     1 |     9 |    14 ||    32
         Scroll            |       |       |     5 |     1 |    16 |    16 |     6 |    30 |    27 ||   101
   Stab: Sleeping          |       |     2 |       |       |       |       |       |       |       ||     2
         Distracted        |       |       |     1 |       |       |       |       |    22 |     4 ||    27
 Armour: Robe              |    25 |    10 |       |       |       |       |       |       |       ||    35
         Leather armour    |       |    22 |    38 |       |       |       |       |       |       ||    60
         Acid dragon scale |       |       |    39 |   167 |       |       |       |       |       ||   206
         Plate armour      |       |       |       |    95 |   904 |   718 |   208 |   379 |   322 ||  2626
  Dodge: Dodged            |    20 |    28 |    55 |   129 |   356 |   318 |    94 |   232 |   210 ||  1442
         Repelled          |       |       |       |     3 |     8 |     5 |     1 |    17 |    10 ||    44
  Block: Kite shield       |       |       |       |       |       |   167 |   456 |   475 |   399 ||  1497
         Reflection        |       |       |       |       |       |    57 |    46 |     3 |    17 ||   123
Riposte: Mace              |       |       |       |       |       |       |    96 |    32 |    75 ||   203
         Broad axe         |       |       |       |       |       |       |    35 |    87 |    73 ||   195
         Trident           |       |       |       |       |       |       |       |    32 |       ||    32
         Staff             |       |       |       |       |       |       |       |       |     3 ||     3

Table legend: (Time is in decaauts)
 A = Elapsed time spent in this place.
 B = Non-inter-level travel time spent in this place.
 C = Inter-level travel time spent in this place.
 D = Time resting spent in this place.
 E = Time spent auto-exploring this place.
 F = Levels seen in this place.
 G = Mean time per level.
                   A        B        C        D        E       F      G
               +--------+--------+--------+--------+--------+-----+--------+
         Total | 133008 | 117446 |  15562 |  11941 |  83424 |  76 | 1750.1 |
       Dungeon |  27435 |  21955 |   5480 |   1486 |  17213 |  15 | 1829.0 |
          Lair |  14624 |  12821 |   1803 |   1355 |   9401 |   5 | 2924.8 |
        Shoals |   8744 |   7991 |    753 |    359 |   6804 |   4 | 2186.0 |
   Spider Nest |  12235 |  11283 |    952 |   1263 |   8326 |   4 | 3058.8 |
    Slime Pits |    688 |    582 |    106 |    162 |      0 |   5 |  137.6 |
  Orcish Mines |   5287 |   4149 |   1138 |    570 |   2471 |   2 | 2643.5 |
   Elven Halls |   6673 |   5846 |    827 |    316 |   4172 |   3 | 2224.3 |
        Vaults |  17512 |  15413 |   2099 |   1053 |  11475 |   5 | 3502.4 |
         Crypt |   6079 |   5632 |    447 |      0 |   4871 |   3 | 2026.3 |
        Depths |  10243 |   8948 |   1295 |   1347 |   6397 |   4 | 2560.8 |
          Hell |   1422 |   1372 |     50 |    120 |   1012 |   1 | 1422.0 |
           Zot |  12743 |  12132 |    611 |   1304 |   9298 |   5 | 2548.6 |
         Abyss |   1301 |   1301 |      0 |     62 |      0 |   4 |  325.2 |
      Ziggurat |   1472 |   1472 |      0 |    162 |    744 |  12 |  122.7 |
      Ice Cave |   1646 |   1646 |      0 |    724 |     25 |   1 | 1646.0 |
       Volcano |   1144 |   1144 |      0 |    614 |      0 |   1 | 1144.0 |
    Desolation |   2736 |   2736 |      0 |    748 |   1005 |   1 | 2736.0 |
      Gauntlet |   1015 |   1015 |      0 |    295 |    208 |   1 | 1015.0 |
               +--------+--------+--------+--------+--------+-----+--------+

Top non-repeatable levels by time:
  Lair:5: 4487 daAuts
Vaults:2: 4122 daAuts
   Orc:2: 4113 daAuts
Spider:4: 3869 daAuts
Vaults:4: 3558 daAuts
Spider:2: 3557 daAuts
 Crypt:3: 3470 daAuts
Vaults:3: 3462 daAuts
Vaults:1: 3422 daAuts
   Zot:5: 3364 daAuts
  Lair:2: 3124 daAuts
    D:12: 3059 daAuts
Depths:4: 3024 daAuts
   Elf:3: 2989 daAuts
Vaults:5: 2946 daAuts
